Workbook
Name __DdeLink__53222_669315008: 'Eq.EPI-Port'!$G$29

Sheet MODELO
A1: " M O D E L O " | H1: Regime de Tributação: Lucro Real
A2: PLANILHA DE CUSTOS E FORMAÇÃO DE PREÇOS - SUPORTE OPERACIONAL
A3: Nº do processo:
A4: Licitação nº:
A5: Dia:
A7: DISCRIMINAÇÃO DOS SERVIÇOS (DADOS REFERENTES À CONTRATAÇÃO)
A8: A | B8: Data de apresentação da proposta (dia/mês/ano)
A9: B | B9: Município/UF | H9: PASSO FUNDO/RS
A10: C | B10: Ano do Acordo, Convenção ou Dissídio Coletivo | H10: SINDUSCON/PASSO FUNDO - CCT 2022-2022
A11: D | B11: Número de meses de execução contratual | H11: 12
A13: 1. MÓDULOS Mão de obra vinculada à execução contratual
A15: Dados para composição dos custos referente à mão de obra
A16: 1 | B16: Tipo de Serviço (mesmo serviço com características distintas) | I16: =A1 -> " M O D E L O "
A17: 2 | B17: Classificação Brasileira de Ocupações (CBO) | I17: XXXX-XX
A18: 3 | B18: Salário Normativo da Categoria Profissional - para a jornada de 44 h/sem | I18: 1
A19: 4 | B19: Categoria Profissional (vinculada à execução contratual) | I19: =I16 -> " M O D E L O "
A20: 5 | B20: Data-Base da Categoria (dia/mês/ano) | I20: 44562
A21: 6 | B21: Salário Mínimo Nacional (para fins de base de cálculo da insalubridade ou para limíte mínimo de renda). | I21: 1212
A22: 7 | B22: Jornada Semanal (número de horas semanais) | I22: 44
A24: Módulo 1: Composição da Remuneração
A25: 1 | B25: Composição da Remuneração | I25: Percentual (%) | J25: Valor (R$)
A26: A | B26: Salário-Base (não inferior ao salário mínimo nacional) | J26: =IF((ROUND(I18/44*I22,2))>I21,(ROUND(I18/44*I22,2)),I21) -> 1212
A27: B | B27: Adicional de Periculosidade (base de cálculo: renda, cfe. CLT) | I27: 0.3 | J27: =ROUND(I27*J26,2) -> 363.6
A28: C | B28: Adicional de Insalubridade (base de cálculo: sal. mín. nacional, cfe. CLT) | I28: 0.2 | J28: =ROUND(I28*I21,2) -> 242.4
A29: C | B29: Adicional de Insalubridade (base de cálculo: renda, cfe. CCT) | I29: 0.2 | J29: =ROUND(I29*J26,2) -> 242.4
A30: D | B30: Adicional Noturno (cálculo: Nº de horas noturnas mês x (SB/220h)+20%) | J30: =ROUND(I18/220*0.2*I30,2) -> 0
A31: E | B31: Hora Noturna Adicional (cálculo: Nº de horas noturnas mês x [(60 min-52,5 min)/60 min] x [(SB/220h+20%)+50%] | J31: =ROUND((I18/220*1.2*1.5)*(I31*(60-52.5)/60),2) -> 0
A32: F | B32: DSR - Descanso Semanal Remunerado (cálculo: 20% sobre os adicionais pertinentes) | J32: =ROUND((J31+J30)*0.2,2) -> 0
A33: G | B33: Outros (especificar)
A34: Total | J34: =SUM(J26:J33) -> 2060.4
A36: Módulo 2 – Encargos e Benefícios Anuais, Mensais e Diários
A37: Submódulo 2.1 – 13º (décimo terceiro) Salário e Adicional de Férias
A38: 2.1 | B38: 13º (décimo terceiro) Salário e Adicional de Férias | J38: Valor (R$)
A39: A | B39: 13º (décimo terceiro) Salário Obrigatória a cotação de 8,33% sobre o valor do Módulo 1 – Composição da Remuneração, conforme Anexo XII da IN 5/17 | I39: 0.0833 | J39: =ROUND($J$34*I39,2) -> 171.63
A40: B | B40: Adicional de Férias Obrigatória a cotação de 3,025% sobre o valor do Módulo 1 – Composição da Remuneração, conforme Anexo XII da IN 5/17 (Férias + Adicional = 9,075% + 3,025% = 12,10%) | I40: 0.03025 | J40: =ROUND($J$34*I40,2) -> 62.33
A41: Total | J41: =SUM(J39+J40) -> 233.96
A42: C | B42: Incidência dos encargos do Submódulo 2.2 sobre o total do Submódulo 2.1 | J42: =ROUND(I55*J41,2) -> 86.1
A43: Total | J43: =J41+J42 -> 320.06
A45: Submódulo 2.2 - Encargos Previdenciários (GPS), Fundo de Garantia por Tempo de Serviço (FGTS) e outras contribuições
A46: 2.2 | B46: GPS, FGTS e outras contribuições | I46: Percentual (%) | J46: Valor (R$)
A47: A | B47: INSS | I47: 0.2 | J47: =ROUND($J$34*I47,2) -> 412.08
A48: B | B48: Salário Educação | I48: 0.025 | J48: =ROUND($J$34*I48,2) -> 51.51
A49: C | B49: RAT x FAP | E49: RAT = | F49: 0.03 | G49: FAP = | H49: 1 | I49: =F49*H49 -> 0.03 | J49: =ROUND($J$34*I49,2) -> 61.81
A50: D | B50: SESC ou SESI | I50: 0.015 | J50: =ROUND($J$34*I50,2) -> 30.91
A51: E | B51: SENAC ou SENAI | I51: 0.01 | J51: =ROUND($J$34*I51,2) -> 20.6
A52: F | B52: SEBRAE | I52: 0.006 | J52: =ROUND($J$34*I52,2) -> 12.36
A53: G | B53: INCRA | I53: 0.002 | J53: =ROUND($J$34*I53,2) -> 4.12
A54: H | B54: FGTS | I54: 0.08 | J54: =ROUND($J$34*I54,2) -> 164.83
A55: Total | I55: =SUM(I47:I54) -> 0.368 | J55: =SUM(J47:J54) -> 758.22
A57: Submódulo 2.3 – Benefícios Mensais e Diários
A58: 2.3 | B58: Benefícios Mensais e Diários | J58: Valor (R$)
A59: A | B59: Transporte Cálculo do valor: [( 2 x VT x 22 dias ) – ( 6% x SB )] | J59: =IF(ROUND((I62*I60*I61)-(J26*0.06),2)<0,0,ROUND((I62*I60*I61)-(J26*0.06),2))*1+(I60*I61*21.726-0.06*J26)*0 -> 169.28
B60: A.1) Valor da passagem do transporte coletivo no município de prestação dos serviços: Passo Fundo/RS | I60: 5.5
B61: A.2) Quantidade de passagens por dia por empregado: | I61: 2
B62: A.3) Quantidade de dias do mês de recebimento de passagens | I62: 22
A63: B | B63: Auxílio-Refeição/Alimentação Cálculo do valor: [(VA ou VR x 22 dias) x ( 1 - contrapartida)] | J63: =ROUND(I65*I64*(1-I66),2) -> 359.61
B64: B.1) Valor do auxílio-alimentação: | I64: 20.18
B65: B.2) Quantidade de dias do mês de recebimento de auxílio-alimentação | I65: 22
B66: B.3) Contrapartida do empregado | I66: 0.19
A67: C | B67: Seguro contra riscos de acidente de trabalho | J67: 2.5
A68: D | B68: Plano de Benefício Social Familiar | J68: 17.32
A69: Total | J69: =SUM(J59:J68) -> 548.71
A71: Quadro-Resumo do Módulo 2 – Encargos e Benefícios Anuais, Mensais e Diários
A72: 2 | B72: Encargos e Benefícios Anuais, Mensais e Diários | J72: Valor (R$)
A73: 2.1 | B73: 13º (décimo terceiro) Salário e Adicional de Férias | J73: =J43 -> 320.06
A74: 2.2 | B74: GPS, FGTS e outras contribuições | J74: =J55 -> 758.22
A75: 2.3 | B75: Benefícios Mensais e Diários | J75: =J69 -> 548.71
A76: Total | J76: =SUM(J73+J74+J75) -> 1626.99
A78: Módulo 3 - Provisão para Rescisão
A79: 3 | B79: Provisão para Rescisão | J79: Valor (R$)
A80: A | B80: Aviso Prévio Indenizado Aviso-prévio indenizado Cálculo do valor = {Rem/12 + 13º/12=(Rem/12)/12 + Férias/12=(Rem/12)/12 + (1/3xFérias)/12=1/3x[(Rem/12)/12]} x (30/30=1) x 5% de rotatividade anual - Os reflexos de 13º, F e 1/3F são referentes a 1 mês de APInd - Na prorrogação, poderão ser considerados 3 dias conforme Lei nº 12.506/2011, dependendo da análise do nº de ocorrências deste evento no período | J80: =ROUND((($J$34/12)+($J$39/12)+($J$34/12/12)+($J$40/12))*(30/30)*0.05,2) -> 10.28
A81: B | B81: Incidência do FGTS sobre o Aviso Prévio Indenizado | J81: =ROUND($J$80*I54,2) -> 0.82
A82: C | B82: Multa do FGTS e contribuição social sobre o Aviso Prévio Indenizado Obrigatória a cotação de 0,24% sobre o valor do Módulo 1 – Composição da Remuneração, conforme Anexo XII da IN Seges nº 5/2017 (0,19% + 3,81% = 4,0%) - (Lei 13.932, de 11 de dezembro de 2019) | I82: 0.0019 | J82: =ROUND($J$34*I82,2) -> 3.91
A83: D | B83: Aviso Prévio Trabalhado (negociar extinção/redução na 1ª prorrogação) Cálculo do valor= [(Rem/30)x7]/12 meses do contrato. Consideramos que 10% do colaboradores são desligados nessa condição. | J83: =ROUND(((($J$34/30)*7)/$H$11)*0.1,2) -> 4.01
A84: E | B84: Incidência dos encargos do Submódulo 2.2 sobre o Aviso Prévio Trabalhado | J84: =ROUND($I$55*J83,2) -> 1.48
A85: F | B85: Multa do FGTS e contribuição social sobre o Aviso Prévio Trabalhado Obrigatória a cotação de 4,76% sobre o valor do Módulo 1 – Composição da Remuneração, conforme Anexo XII da IN Seges nº 5/2017 (3,81%+0,19% = 4,0%) - (Lei 13.932, de 11 de dezembro de 2019) | I85: 0.0381 | J85: =ROUND($J$34*I85,2) -> 78.5
A86: Total | J86: =SUM(J80:J85) -> 99
A88: Módulo 4 - Custo de Reposição do Profissional Ausente
A89: Base de cálculo para o Custo de Reposição do Profissional Ausente (substituto): BCCPA = Rem + 13º + Férias + 1/3Férias | J89: =J92+J34+J39+J40 -> 2481.34
A91: 4.1 | B91: Ausências Legais | J91: Valor (R$)
A92: A | B92: Férias | I92: 0.09075 | J92: =ROUND(($J$34*I92),2) -> 186.98
A93: B | B93: Ausências Legais Cálculo do valor = [(BCCPA/30)x2,96dias]/12 | J93: =ROUND((($J$89/30)*2.96)/12,2) -> 20.4
A94: C | B94: Licença-Paternidade Cálculo do valor = {[(BCCPA/30)x5dias]/12}x1,5% | J94: =ROUND((($J$89/30)*5)/12*0.015,2) -> 0.52
A95: D | B95: Ausência por acidente de trabalho Cálculo do valor = {[(BCCPA/30)x15dias]/12}x0,78% | J95: =ROUND(((($J$89/30)*15)/12)*0.0078,2) -> 0.81
A96: E | B96: Afastamento Maternidade Cálculo do valor = {[(Rem+1/3Rem)/12]x(4/12)}x2% | J96: =ROUND(((($J$34+$J$34/3)*4/12)/12)*0.02,2) -> 1.53
A97: F | B97: (Outros) Ausência por doença Cálculo do valor = [(BCCPA)/30)x5dias]/12 | J97: =ROUND(((($J$89/30)*5)/12),2) -> 34.46
A98: Total | J98: =SUM(J92:J97) -> 244.7
A99: G | B99: Incidência dos encargos do Submódulo 2.2 sobre o total do Submódulo 4.1 | J99: =ROUND(I55*J98,2) -> 90.05
A100: Total | J100: =SUM(J98:J99) -> 334.75
A101: Submódulo 4.2 – Intrajornada
A102: 4.2 | B102: Intrajornada | J102: Valor (R$)
A103: A | B103: Intervalo para repouso ou alimentação | J103: 0
A104: Total | J104: 0
A105: B | B105: Incidência dos encargos do Submódulo 2.2 sobre o total do Submódulo 4.2 | J105: =ROUND(I55*J104,2) -> 0
A106: Total | J106: =SUM(J104:J105) -> 0
A108: Quadro-Resumo do Módulo 4 – Custo de Reposição do Profissional Ausente
A109: 4 | B109: Custo de Reposição do Profissional Ausente | J109: Valor (R$)
A110: 4.1 | B110: Ausências Legais | J110: =J100 -> 334.75
A111: 4.2 | B111: Intrajornada | J111: =J106 -> 0
A112: Total | J112: =SUM(J110+J111) -> 334.75
...

Sheet Eletricista
A1: ELETRICISTA | H1: Regime de Tributação: Lucro Real
A2: PLANILHA DE CUSTOS E FORMAÇÃO DE PREÇOS - SUPORTE OPERACIONAL
A3: Nº do processo: | H3: 23165.000917.2022-41
A4: Licitação nº | H4: 30/2022
A5: Dia:
A7: DISCRIMINAÇÃO DOS SERVIÇOS (DADOS REFERENTES À CONTRATAÇÃO)
A8: A | B8: Data de apresentação da proposta (dia/mês/ano)
A9: B | B9: Município/UF | H9: PASSO FUNDO/RS
A10: C | B10: Ano do Acordo, Convenção ou Dissídio Coletivo | H10: SINDUSCON/PASSO FUNDO - CCT 2022-2022
A11: D | B11: Número de meses de execução contratual | H11: 12
A13: 1. MÓDULOS Mão de obra vinculada à execução contratual
A15: Dados para composição dos custos referente à mão de obra
A16: 1 | B16: Tipo de Serviço (mesmo serviço com características distintas) | I16: =A1 -> ELETRICISTA
A17: 2 | B17: Classificação Brasileira de Ocupações (CBO) | I17: 7156-15
A18: 3 | B18: Salário Normativo da Categoria Profissional - para a jornada de 44 h/sem | I18: 2130
A19: 4 | B19: Categoria Profissional (vinculada à execução contratual) | I19: =I16 -> ELETRICISTA
A20: 5 | B20: Data-Base da Categoria (dia/mês/ano) | I20: 44562
A21: 6 | B21: Salário Mínimo Nacional (para fins de base de cálculo da insalubridade ou para limíte mínimo de renda). | I21: 1212
A22: 7 | B22: Jornada Semanal (número de horas semanais) | I22: 44
A24: Módulo 1: Composição da Remuneração
A25: 1 | B25: Composição da Remuneração | I25: Percentual (%) | J25: Valor (R$)
A26: A | B26: Salário-Base (não inferior ao salário mínimo nacional) | J26: =IF((ROUND(I18/44*I22,2))>I21,(ROUND(I18/44*I22,2)),I21) -> 2130
A27: B | B27: Adicional de Periculosidade (base de cálculo: renda, cfe. CLT) | I27: 0.3 | J27: =ROUND(I27*J26,2) -> 639
A28: C | B28: Adicional de Insalubridade (base de cálculo: sal. mín. nacional, cfe. CLT) | J28: =ROUND(I28*I21,2) -> 0
A29: C | B29: Adicional de Insalubridade (base de cálculo: renda, cfe. CCT) | J29: =ROUND(I29*J26,2) -> 0
A30: D | B30: Adicional Noturno (cálculo: Nº de horas noturnas mês x (SB/220h)+20%) | J30: =ROUND(I18/220*0.2*I30,2) -> 0
A31: E | B31: Hora Noturna Adicional (cálculo: Nº de horas noturnas mês x [(60 min-52,5 min)/60 min] x [(SB/220h+20%)+50%] | J31: =ROUND((I18/220*1.2*1.5)*(I31*(60-52.5)/60),2) -> 0
A32: F | B32: DSR - Descanso Semanal Remunerado (cálculo: 20% sobre os adicionais pertinentes) | J32: =ROUND((J31+J30)*0.2,2) -> 0
A33: G | B33: Outros (especificar)
A34: Total | J34: =SUM(J26:J33) -> 2769
A36: Módulo 2 – Encargos e Benefícios Anuais, Mensais e Diários
A37: Submódulo 2.1 – 13º (décimo terceiro) Salário e Adicional de Férias
A38: 2.1 | B38: 13º (décimo terceiro) Salário e Adicional de Férias | J38: Valor (R$)
A39: A | B39: 13º (décimo terceiro) Salário Obrigatória a cotação de 8,33% sobre o valor do Módulo 1 – Composição da Remuneração, conforme Anexo XII da IN 5/17 | I39: 0.0833 | J39: =ROUND($J$34*I39,2) -> 230.66
A40: B | B40: Adicional de Férias Obrigatória a cotação de 3,025% sobre o valor do Módulo 1 – Composição da Remuneração, conforme Anexo XII da IN 5/17 (Férias + Adicional = 9,075% + 3,025% = 12,10%) | I40: 0.03025 | J40: =ROUND($J$34*I40,2) -> 83.76
A41: Total | J41: =SUM(J39+J40) -> 314.42
A42: C | B42: Incidência dos encargos do Submódulo 2.2 sobre o total do Submódulo 2.1 | J42: =ROUND(I55*J41,2) -> 115.71
A43: Total | J43: =J41+J42 -> 430.13
A45: Submódulo 2.2 - Encargos Previdenciários (GPS), Fundo de Garantia por Tempo de Serviço (FGTS) e outras contribuições
A46: 2.2 | B46: GPS, FGTS e outras contribuições | I46: Percentual (%) | J46: Valor (R$)
A47: A | B47: INSS | I47: 0.2 | J47: =ROUND($J$34*I47,2) -> 553.8
A48: B | B48: Salário Educação | I48: 0.025 | J48: =ROUND($J$34*I48,2) -> 69.23
A49: C | B49: RAT x FAP | E49: RAT = | F49: 0.03 | G49: FAP = | H49: 1 | I49: =F49*H49 -> 0.03 | J49: =ROUND($J$34*I49,2) -> 83.07
A50: D | B50: SESC ou SESI | I50: 0.015 | J50: =ROUND($J$34*I50,2) -> 41.54
A51: E | B51: SENAC ou SENAI | I51: 0.01 | J51: =ROUND($J$34*I51,2) -> 27.69
A52: F | B52: SEBRAE | I52: 0.006 | J52: =ROUND($J$34*I52,2) -> 16.61
A53: G | B53: INCRA | I53: 0.002 | J53: =ROUND($J$34*I53,2) -> 5.54
A54: H | B54: FGTS | I54: 0.08 | J54: =ROUND($J$34*I54,2) -> 221.52
A55: Total | I55: =SUM(I47:I54) -> 0.368 | J55: =SUM(J47:J54) -> 1019
A57: Submódulo 2.3 – Benefícios Mensais e Diários
A58: 2.3 | B58: Benefícios Mensais e Diários | J58: Valor (R$)
A59: A | B59: Transporte Cálculo do valor: [( 2 x VT x 22 dias ) – ( 6% x SB )] | J59: =IF(ROUND((I62*I60*I61)-(J26*0.06),2)<0,0,ROUND((I62*I60*I61)-(J26*0.06),2))*1+(I60*I61*21.726-0.06*J26)*0 -> 114.2
B60: A.1) Valor da passagem do transporte coletivo no município de prestação dos serviços: Passo Fundo/RS | I60: 5.5
B61: A.2) Quantidade de passagens por dia por empregado: | I61: 2
B62: A.3) Quantidade de dias do mês de recebimento de passagens | I62: 22
A63: B | B63: Auxílio-Refeição/Alimentação Cálculo do valor: [(VA ou VR x 22 dias) x ( 1 - contrapartida)] | J63: =ROUND(I65*I64*(1-I66),2) -> 359.61
B64: B.1) Valor do auxílio-alimentação: | I64: 20.18
B65: B.2) Quantidade de dias do mês de recebimento de auxílio-alimentação | I65: 22
B66: B.3) Contrapartida do empregado | I66: 0.19
A67: C | B67: Seguro contra riscos de acidente de trabalho | J67: 2.5
A68: D | B68: Plano de Benefício Social Familiar | J68: 17.32
A69: Total | J69: =SUM(J59:J68) -> 493.63
A71: Quadro-Resumo do Módulo 2 – Encargos e Benefícios Anuais, Mensais e Diários
A72: 2 | B72: Encargos e Benefícios Anuais, Mensais e Diários | J72: Valor (R$)
A73: 2.1 | B73: 13º (décimo terceiro) Salário e Adicional de Férias | J73: =J43 -> 430.13
A74: 2.2 | B74: GPS, FGTS e outras contribuições | J74: =J55 -> 1019
A75: 2.3 | B75: Benefícios Mensais e Diários | J75: =J69 -> 493.63
A76: Total | J76: =SUM(J73+J74+J75) -> 1942.76
A78: Módulo 3 - Provisão para Rescisão
A79: 3 | B79: Provisão para Rescisão | J79: Valor (R$)
A80: A | B80: Aviso Prévio Indenizado Aviso-prévio indenizado Cálculo do valor = {Rem/12 + 13º/12=(Rem/12)/12 + Férias/12=(Rem/12)/12 + (1/3xFérias)/12=1/3x[(Rem/12)/12]} x (30/30=1) x 5% de rotatividade anual - Os reflexos de 13º, F e 1/3F são referentes a 1 mês de APInd - Na prorrogação, poderão ser considerados 3 dias conforme Lei nº 12.506/2011, dependendo da análise do nº de ocorrências deste evento no período | J80: =ROUND((($J$34/12)+($J$39/12)+($J$34/12/12)+($J$40/12))*(30/30)*0.05,2) -> 13.81
A81: B | B81: Incidência do FGTS sobre o Aviso Prévio Indenizado | J81: =ROUND($J$80*I54,2) -> 1.1
A82: C | B82: Multa do FGTS e contribuição social sobre o Aviso Prévio Indenizado Obrigatória a cotação de 0,24% sobre o valor do Módulo 1 – Composição da Remuneração, conforme Anexo XII da IN Seges nº 5/2017 (0,19% + 3,81% = 4,0%) - (Lei 13.932, de 11 de dezembro de 2019) | I82: 0.0019 | J82: =ROUND($J$34*I82,2) -> 5.26
A83: D | B83: Aviso Prévio Trabalhado (negociar extinção/redução na 1ª prorrogação) Cálculo do valor= [(Rem/30)x7]/12 meses do contrato. Consideramos que 10% do colaboradores são desligados nessa condição. | J83: =ROUND(((($J$34/30)*7)/$H$11)*0.1,2) -> 5.38
A84: E | B84: Incidência dos encargos do Submódulo 2.2 sobre o Aviso Prévio Trabalhado | J84: =ROUND($I$55*J83,2) -> 1.98
A85: F | B85: Multa do FGTS e contribuição social sobre o Aviso Prévio Trabalhado Obrigatória a cotação de 4,76% sobre o valor do Módulo 1 – Composição da Remuneração, conforme Anexo XII da IN Seges nº 5/2017 (3,81%+0,19% = 4,0%) - (Lei 13.932, de 11 de dezembro de 2019) | I85: 0.0381 | J85: =ROUND($J$34*I85,2) -> 105.5
A86: Total | J86: =SUM(J80:J85) -> 133.03
A88: Módulo 4 - Custo de Reposição do Profissional Ausente
A89: Base de cálculo para o Custo de Reposição do Profissional Ausente (substituto): BCCPA = Rem + 13º + Férias + 1/3Férias | J89: =J92+J34+J39+J40 -> 3334.71
A91: 4.1 | B91: Ausências Legais | J91: Valor (R$)
A92: A | B92: Férias | I92: 0.09075 | J92: =ROUND(($J$34*I92),2) -> 251.29
A93: B | B93: Ausências Legais Cálculo do valor = [(BCCPA/30)x2,96dias]/12 | J93: =ROUND((($J$89/30)*2.96)/12,2) -> 27.42
A94: C | B94: Licença-Paternidade Cálculo do valor = {[(BCCPA/30)x5dias]/12}x1,5% | J94: =ROUND((($J$89/30)*5)/12*0.015,2) -> 0.69
A95: D | B95: Ausência por acidente de trabalho Cálculo do valor = {[(BCCPA/30)x15dias]/12}x0,78% | J95: =ROUND(((($J$89/30)*15)/12)*0.0078,2) -> 1.08
A96: E | B96: Afastamento Maternidade Cálculo do valor = {[(Rem+1/3Rem)/12]x(4/12)}x2% | J96: =ROUND(((($J$34+$J$34/3)*4/12)/12)*0.02,2) -> 2.05
A97: F | B97: (Outros) Ausência por doença Cálculo do valor = [(BCCPA)/30)x5dias]/12 | J97: =ROUND(((($J$89/30)*5)/12),2) -> 46.32
A98: Total | J98: =SUM(J92:J97) -> 328.85
A99: G | B99: Incidência dos encargos do Submódulo 2.2 sobre o total do Submódulo 4.1 | J99: =ROUND(I55*J98,2) -> 121.02
A100: Total | J100: =SUM(J98:J99) -> 449.87
A101: Submódulo 4.2 – Intrajornada
A102: 4.2 | B102: Intrajornada | J102: Valor (R$)
A103: A | B103: Intervalo para repouso ou alimentação | J103: 0
A104: Total | J104: 0
A105: B | B105: Incidência dos encargos do Submódulo 2.2 sobre o total do Submódulo 4.2 | J105: =ROUND(I55*J104,2) -> 0
A106: Total | J106: =SUM(J104:J105) -> 0
A108: Quadro-Resumo do Módulo 4 – Custo de Reposição do Profissional Ausente
A109: 4 | B109: Custo de Reposição do Profissional Ausente | J109: Valor (R$)
A110: 4.1 | B110: Ausências Legais | J110: =J100 -> 449.87
A111: 4.2 | B111: Intrajornada | J111: =J106 -> 0
A112: Total | J112: =SUM(J110+J111) -> 449.87
...

Sheet Pedreiro
A1: PEDREIRO | H1: Regime de Tributação: Lucro Real
A2: PLANILHA DE CUSTOS E FORMAÇÃO DE PREÇOS - SUPORTE OPERACIONAL
A3: Nº do processo: | H3: 23165.000917.2022-41
A4: Licitação nº: | H4: 30/2022
A5: Dia:
A7: DISCRIMINAÇÃO DOS SERVIÇOS (DADOS REFERENTES À CONTRATAÇÃO)
A8: A | B8: Data de apresentação da proposta (dia/mês/ano)
A9: B | B9: Município/UF | H9: PASSO FUNDO/RS
A10: C | B10: Ano do Acordo, Convenção ou Dissídio Coletivo | H10: SINDUSCON/PASSO FUNDO - CCT 2022-2022
A11: D | B11: Número de meses de execução contratual | H11: 12
A13: 1. MÓDULOS Mão de obra vinculada à execução contratual
A15: Dados para composição dos custos referente à mão de obra
A16: 1 | B16: Tipo de Serviço (mesmo serviço com características distintas) | I16: =A1 -> PEDREIRO
A17: 2 | B17: Classificação Brasileira de Ocupações (CBO) | I17: 7152-10
A18: 3 | B18: Salário Normativo da Categoria Profissional - para a jornada de 44 h/sem | I18: 2325
A19: 4 | B19: Categoria Profissional (vinculada à execução contratual) | I19: =I16 -> PEDREIRO
A20: 5 | B20: Data-Base da Categoria (dia/mês/ano) | I20: 44562
A21: 6 | B21: Salário Mínimo Nacional (para fins de base de cálculo da insalubridade ou para limíte mínimo de renda). | I21: 1212
A22: 7 | B22: Jornada Semanal (número de horas semanais) | I22: 44
A24: Módulo 1: Composição da Remuneração
A25: 1 | B25: Composição da Remuneração | I25: Percentual (%) | J25: Valor (R$)
A26: A | B26: Salário-Base (não inferior ao salário mínimo nacional) | J26: =IF((ROUND(I18/44*I22,2))>I21,(ROUND(I18/44*I22,2)),I21) -> 2325
A27: B | B27: Adicional de Periculosidade (base de cálculo: renda, cfe. CLT) | J27: =ROUND(I27*J26,2) -> 0
A28: C | B28: Adicional de Insalubridade (base de cálculo: sal. mín. nacional, cfe. CLT) | I28: 0.2 | J28: =ROUND(I28*I21,2) -> 242.4
A29: C | B29: Adicional de Insalubridade (base de cálculo: renda, cfe. CCT) | J29: =ROUND(I29*J26,2) -> 0
A30: D | B30: Adicional Noturno (cálculo: Nº de horas noturnas mês x (SB/220h)+20%) | J30: =ROUND(I18/220*0.2*I30,2) -> 0
A31: E | B31: Hora Noturna Adicional (cálculo: Nº de horas noturnas mês x [(60 min-52,5 min)/60 min] x [(SB/220h+20%)+50%] | J31: =ROUND((I18/220*1.2*1.5)*(I31*(60-52.5)/60),2) -> 0
A32: F | B32: DSR - Descanso Semanal Remunerado (cálculo: 20% sobre os adicionais pertinentes) | J32: =ROUND((J31+J30)*0.2,2) -> 0
A33: G | B33: Outros (especificar)
A34: Total | J34: =SUM(J26:J33) -> 2567.4
A36: Módulo 2 – Encargos e Benefícios Anuais, Mensais e Diários
A37: Submódulo 2.1 – 13º (décimo terceiro) Salário e Adicional de Férias
A38: 2.1 | B38: 13º (décimo terceiro) Salário e Adicional de Férias | J38: Valor (R$)
A39: A | B39: 13º (décimo terceiro) Salário Obrigatória a cotação de 8,33% sobre o valor do Módulo 1 – Composição da Remuneração, conforme Anexo XII da IN 5/17 | I39: 0.0833 | J39: =ROUND($J$34*I39,2) -> 213.86
A40: B | B40: Adicional de Férias Obrigatória a cotação de 3,025% sobre o valor do Módulo 1 – Composição da Remuneração, conforme Anexo XII da IN 5/17 (Férias + Adicional = 9,075% + 3,025% = 12,10%) | I40: 0.03025 | J40: =ROUND($J$34*I40,2) -> 77.66
A41: Total | J41: =SUM(J39+J40) -> 291.52
A42: C | B42: Incidência dos encargos do Submódulo 2.2 sobre o total do Submódulo 2.1 | J42: =ROUND(I55*J41,2) -> 107.28
A43: Total | J43: =J41+J42 -> 398.8
A45: Submódulo 2.2 - Encargos Previdenciários (GPS), Fundo de Garantia por Tempo de Serviço (FGTS) e outras contribuições
A46: 2.2 | B46: GPS, FGTS e outras contribuições | I46: Percentual (%) | J46: Valor (R$)
A47: A | B47: INSS | I47: 0.2 | J47: =ROUND($J$34*I47,2) -> 513.48
A48: B | B48: Salário Educação | I48: 0.025 | J48: =ROUND($J$34*I48,2) -> 64.19
A49: C | B49: RAT x FAP | E49: RAT = | F49: 0.03 | G49: FAP = | H49: 1 | I49: =F49*H49 -> 0.03 | J49: =ROUND($J$34*I49,2) -> 77.02
A50: D | B50: SESC ou SESI | I50: 0.015 | J50: =ROUND($J$34*I50,2) -> 38.51
A51: E | B51: SENAC ou SENAI | I51: 0.01 | J51: =ROUND($J$34*I51,2) -> 25.67
A52: F | B52: SEBRAE | I52: 0.006 | J52: =ROUND($J$34*I52,2) -> 15.4
A53: G | B53: INCRA | I53: 0.002 | J53: =ROUND($J$34*I53,2) -> 5.13
A54: H | B54: FGTS | I54: 0.08 | J54: =ROUND($J$34*I54,2) -> 205.39
A55: Total | I55: =SUM(I47:I54) -> 0.368 | J55: =SUM(J47:J54) -> 944.79
A57: Submódulo 2.3 – Benefícios Mensais e Diários
A58: 2.3 | B58: Benefícios Mensais e Diários | J58: Valor (R$)
A59: A | B59: Transporte Cálculo do valor: [( 2 x VT x 22 dias ) – ( 6% x SB )] | J59: =IF(ROUND((I62*I60*I61)-(J26*0.06),2)<0,0,ROUND((I62*I60*I61)-(J26*0.06),2))*1+(I60*I61*21.726-0.06*J26)*0 -> 102.5
B60: A.1) Valor da passagem do transporte coletivo no município de prestação dos serviços: Passo Fundo/RS | I60: 5.5
B61: A.2) Quantidade de passagens por dia por empregado: | I61: 2
B62: A.3) Quantidade de dias do mês de recebimento de passagens | I62: 22
A63: B | B63: Auxílio-Refeição/Alimentação Cálculo do valor: [(VA ou VR x 22 dias) x ( 1 - contrapartida)] | J63: =ROUND(I65*I64*(1-I66),2) -> 359.61
B64: B.1) Valor do auxílio-alimentação: | I64: 20.18
B65: B.2) Quantidade de dias do mês de recebimento de auxílio-alimentação | I65: 22
B66: B.3) Contrapartida do empregado | I66: 0.19
A67: C | B67: Seguro contra riscos de acidente de trabalho | J67: 2.5
A68: D | B68: Plano de Benefício Social Familiar | J68: 17.32
A69: Total | J69: =SUM(J59:J68) -> 481.93
A71: Quadro-Resumo do Módulo 2 – Encargos e Benefícios Anuais, Mensais e Diários
A72: 2 | B72: Encargos e Benefícios Anuais, Mensais e Diários | J72: Valor (R$)
A73: 2.1 | B73: 13º (décimo terceiro) Salário e Adicional de Férias | J73: =J43 -> 398.8
A74: 2.2 | B74: GPS, FGTS e outras contribuições | J74: =J55 -> 944.79
A75: 2.3 | B75: Benefícios Mensais e Diários | J75: =J69 -> 481.93
A76: Total | J76: =SUM(J73+J74+J75) -> 1825.52
A78: Módulo 3 - Provisão para Rescisão
A79: 3 | B79: Provisão para Rescisão | J79: Valor (R$)
A80: A | B80: Aviso Prévio Indenizado Aviso-prévio indenizado Cálculo do valor = {Rem/12 + 13º/12=(Rem/12)/12 + Férias/12=(Rem/12)/12 + (1/3xFérias)/12=1/3x[(Rem/12)/12]} x (30/30=1) x 5% de rotatividade anual - Os reflexos de 13º, F e 1/3F são referentes a 1 mês de APInd - Na prorrogação, poderão ser considerados 3 dias conforme Lei nº 12.506/2011, dependendo da análise do nº de ocorrências deste evento no período | J80: =ROUND((($J$34/12)+($J$39/12)+($J$34/12/12)+($J$40/12))*(30/30)*0.05,2) -> 12.8
A81: B | B81: Incidência do FGTS sobre o Aviso Prévio Indenizado | J81: =ROUND($J$80*I54,2) -> 1.02
A82: C | B82: Multa do FGTS e contribuição social sobre o Aviso Prévio Indenizado Obrigatória a cotação de 0,24% sobre o valor do Módulo 1 – Composição da Remuneração, conforme Anexo XII da IN Seges nº 5/2017 (0,19% + 3,81% = 4,0%) - (Lei 13.932, de 11 de dezembro de 2019) | I82: 0.0019 | J82: =ROUND($J$34*I82,2) -> 4.88
A83: D | B83: Aviso Prévio Trabalhado (negociar extinção/redução na 1ª prorrogação) Cálculo do valor= [(Rem/30)x7]/12 meses do contrato. Consideramos que 10% do colaboradores são desligados nessa condição. | J83: =ROUND(((($J$34/30)*7)/$H$11)*0.1,2) -> 4.99
A84: E | B84: Incidência dos encargos do Submódulo 2.2 sobre o Aviso Prévio Trabalhado | J84: =ROUND($I$55*J83,2) -> 1.84
A85: F | B85: Multa do FGTS e contribuição social sobre o Aviso Prévio Trabalhado Obrigatória a cotação de 4,76% sobre o valor do Módulo 1 – Composição da Remuneração, conforme Anexo XII da IN Seges nº 5/2017 (3,81%+0,19% = 4,0%) - (Lei 13.932, de 11 de dezembro de 2019) | I85: 0.0381 | J85: =ROUND($J$34*I85,2) -> 97.82
A86: Total | J86: =SUM(J80:J85) -> 123.35
A88: Módulo 4 - Custo de Reposição do Profissional Ausente
A89: Base de cálculo para o Custo de Reposição do Profissional Ausente (substituto): BCCPA = Rem + 13º + Férias + 1/3Férias | J89: =J92+J34+J39+J40 -> 3091.91
A91: 4.1 | B91: Ausências Legais | J91: Valor (R$)
A92: A | B92: Férias | I92: 0.09075 | J92: =ROUND(($J$34*I92),2) -> 232.99
A93: B | B93: Ausências Legais Cálculo do valor = [(BCCPA/30)x2,96dias]/12 | J93: =ROUND((($J$89/30)*2.96)/12,2) -> 25.42
A94: C | B94: Licença-Paternidade Cálculo do valor = {[(BCCPA/30)x5dias]/12}x1,5% | J94: =ROUND((($J$89/30)*5)/12*0.015,2) -> 0.64
A95: D | B95: Ausência por acidente de trabalho Cálculo do valor = {[(BCCPA/30)x15dias]/12}x0,78% | J95: =ROUND(((($J$89/30)*15)/12)*0.0078,2) -> 1
A96: E | B96: Afastamento Maternidade Cálculo do valor = {[(Rem+1/3Rem)/12]x(4/12)}x2% | J96: =ROUND(((($J$34+$J$34/3)*4/12)/12)*0.02,2) -> 1.9
A97: F | B97: (Outros) Ausência por doença Cálculo do valor = [(BCCPA)/30)x5dias]/12 | J97: =ROUND(((($J$89/30)*5)/12),2) -> 42.94
A98: Total | J98: =SUM(J92:J97) -> 304.89
A99: G | B99: Incidência dos encargos do Submódulo 2.2 sobre o total do Submódulo 4.1 | J99: =ROUND(I55*J98,2) -> 112.2
A100: Total | J100: =SUM(J98:J99) -> 417.09
A101: Submódulo 4.2 – Intrajornada
A102: 4.2 | B102: Intrajornada | J102: Valor (R$)
A103: A | B103: Intervalo para repouso ou alimentação | J103: 0
A104: Total | J104: 0
A105: B | B105: Incidência dos encargos do Submódulo 2.2 sobre o total do Submódulo 4.2 | J105: =ROUND(I55*J104,2) -> 0
A106: Total | J106: =SUM(J104:J105) -> 0
A108: Quadro-Resumo do Módulo 4 – Custo de Reposição do Profissional Ausente
A109: 4 | B109: Custo de Reposição do Profissional Ausente | J109: Valor (R$)
A110: 4.1 | B110: Ausências Legais | J110: =J100 -> 417.09
A111: 4.2 | B111: Intrajornada | J111: =J106 -> 0
A112: Total | J112: =SUM(J110+J111) -> 417.09
...

Sheet Servente
A1: SERVENTE | H1: Regime de Tributação: Lucro Real
A2: PLANILHA DE CUSTOS E FORMAÇÃO DE PREÇOS - SUPORTE OPERACIONAL
A3: Nº do processo: | H3: 23165.000917.2022-41
A4: Licitação nº: | H4: 30/2022
A5: Dia:
A7: DISCRIMINAÇÃO DOS SERVIÇOS (DADOS REFERENTES À CONTRATAÇÃO)
A8: A | B8: Data de apresentação da proposta (dia/mês/ano)
A9: B | B9: Município/UF | H9: PASSO FUNDO/RS
A10: C | B10: Ano do Acordo, Convenção ou Dissídio Coletivo | H10: SINDUSCON/PASSO FUNDO - CCT 2022-2022
A11: D | B11: Número de meses de execução contratual | H11: 12
A13: 1. MÓDULOS Mão de obra vinculada à execução contratual
A15: Dados para composição dos custos referente à mão de obra
A16: 1 | B16: Tipo de Serviço (mesmo serviço com características distintas) | I16: =A1 -> SERVENTE
A17: 2 | B17: Classificação Brasileira de Ocupações (CBO) | I17: 7170-20
A18: 3 | B18: Salário Normativo da Categoria Profissional - para a jornada de 44 h/sem | I18: 1580
A19: 4 | B19: Categoria Profissional (vinculada à execução contratual) | I19: =I16 -> SERVENTE
A20: 5 | B20: Data-Base da Categoria (dia/mês/ano) | I20: 44562
A21: 6 | B21: Salário Mínimo Nacional (para fins de base de cálculo da insalubridade ou para limíte mínimo de renda). | I21: 1212
A22: 7 | B22: Jornada Semanal (número de horas semanais) | I22: 44
A24: Módulo 1: Composição da Remuneração
A25: 1 | B25: Composição da Remuneração | I25: Percentual (%) | J25: Valor (R$)
A26: A | B26: Salário-Base (não inferior ao salário mínimo nacional) | J26: =IF((ROUND(I18/44*I22,2))>I21,(ROUND(I18/44*I22,2)),I21) -> 1580
A27: B | B27: Adicional de Periculosidade (base de cálculo: renda, cfe. CLT) | J27: =ROUND(I27*J26,2) -> 0
A28: C | B28: Adicional de Insalubridade (base de cálculo: sal. mín. nacional, cfe. CLT) | I28: 0.2 | J28: =ROUND(I28*I21,2) -> 242.4
A29: C | B29: Adicional de Insalubridade (base de cálculo: renda, cfe. CCT) | J29: =ROUND(I29*J26,2) -> 0
A30: D | B30: Adicional Noturno (cálculo: Nº de horas noturnas mês x (SB/220h)+20%) | J30: =ROUND(I18/220*0.2*I30,2) -> 0
A31: E | B31: Hora Noturna Adicional (cálculo: Nº de horas noturnas mês x [(60 min-52,5 min)/60 min] x [(SB/220h+20%)+50%] | J31: =ROUND((I18/220*1.2*1.5)*(I31*(60-52.5)/60),2) -> 0
A32: F | B32: DSR - Descanso Semanal Remunerado (cálculo: 20% sobre os adicionais pertinentes) | J32: =ROUND((J31+J30)*0.2,2) -> 0
A33: G | B33: Outros (especificar)
A34: Total | J34: =SUM(J26:J33) -> 1822.4
A36: Módulo 2 – Encargos e Benefícios Anuais, Mensais e Diários
A37: Submódulo 2.1 – 13º (décimo terceiro) Salário e Adicional de Férias
A38: 2.1 | B38: 13º (décimo terceiro) Salário e Adicional de Férias | J38: Valor (R$)
A39: A | B39: 13º (décimo terceiro) Salário Obrigatória a cotação de 8,33% sobre o valor do Módulo 1 – Composição da Remuneração, conforme Anexo XII da IN 5/17 | I39: 0.0833 | J39: =ROUND($J$34*I39,2) -> 151.81
A40: B | B40: Adicional de Férias Obrigatória a cotação de 3,025% sobre o valor do Módulo 1 – Composição da Remuneração, conforme Anexo XII da IN 5/17 (Férias + Adicional = 9,075% + 3,025% = 12,10%) | I40: 0.03025 | J40: =ROUND($J$34*I40,2) -> 55.13
A41: Total | J41: =SUM(J39+J40) -> 206.94
A42: C | B42: Incidência dos encargos do Submódulo 2.2 sobre o total do Submódulo 2.1 | J42: =ROUND(I55*J41,2) -> 76.15
A43: Total | J43: =J41+J42 -> 283.09
A45: Submódulo 2.2 - Encargos Previdenciários (GPS), Fundo de Garantia por Tempo de Serviço (FGTS) e outras contribuições
A46: 2.2 | B46: GPS, FGTS e outras contribuições | I46: Percentual (%) | J46: Valor (R$)
A47: A | B47: INSS | I47: 0.2 | J47: =ROUND($J$34*I47,2) -> 364.48
A48: B | B48: Salário Educação | I48: 0.025 | J48: =ROUND($J$34*I48,2) -> 45.56
A49: C | B49: RAT x FAP | E49: RAT = | F49: 0.03 | G49: FAP = | H49: 1 | I49: =F49*H49 -> 0.03 | J49: =ROUND($J$34*I49,2) -> 54.67
A50: D | B50: SESC ou SESI | I50: 0.015 | J50: =ROUND($J$34*I50,2) -> 27.34
A51: E | B51: SENAC ou SENAI | I51: 0.01 | J51: =ROUND($J$34*I51,2) -> 18.22
A52: F | B52: SEBRAE | I52: 0.006 | J52: =ROUND($J$34*I52,2) -> 10.93
A53: G | B53: INCRA | I53: 0.002 | J53: =ROUND($J$34*I53,2) -> 3.64
A54: H | B54: FGTS | I54: 0.08 | J54: =ROUND($J$34*I54,2) -> 145.79
A55: Total | I55: =SUM(I47:I54) -> 0.368 | J55: =SUM(J47:J54) -> 670.63
A57: Submódulo 2.3 – Benefícios Mensais e Diários
A58: 2.3 | B58: Benefícios Mensais e Diários | J58: Valor (R$)
A59: A | B59: Transporte Cálculo do valor: [( 2 x VT x 22 dias ) – ( 6% x SB )] | J59: =IF(ROUND((I62*I60*I61)-(J26*0.06),2)<0,0,ROUND((I62*I60*I61)-(J26*0.06),2))*1+(I60*I61*21.726-0.06*J26)*0 -> 147.2
B60: A.1) Valor da passagem do transporte coletivo no município de prestação dos serviços: Passo Fundo/RS | I60: 5.5
B61: A.2) Quantidade de passagens por dia por empregado: | I61: 2
B62: A.3) Quantidade de dias do mês de recebimento de passagens | I62: 22
A63: B | B63: Auxílio-Refeição/Alimentação Cálculo do valor: [(VA ou VR x 22 dias) x ( 1 - contrapartida)] | J63: =ROUND(I65*I64*(1-I66),2) -> 359.61
B64: B.1) Valor do auxílio-alimentação: | I64: 20.18
B65: B.2) Quantidade de dias do mês de recebimento de auxílio-alimentação | I65: 22
B66: B.3) Contrapartida do empregado | I66: 0.19
A67: C | B67: Seguro contra riscos de acidente de trabalho | J67: 2.5
A68: D | B68: Plano de Benefício Social Familiar | J68: 17.32
A69: Total | J69: =SUM(J59:J68) -> 526.63
A71: Quadro-Resumo do Módulo 2 – Encargos e Benefícios Anuais, Mensais e Diários
A72: 2 | B72: Encargos e Benefícios Anuais, Mensais e Diários | J72: Valor (R$)
A73: 2.1 | B73: 13º (décimo terceiro) Salário e Adicional de Férias | J73: =J43 -> 283.09
A74: 2.2 | B74: GPS, FGTS e outras contribuições | J74: =J55 -> 670.63
A75: 2.3 | B75: Benefícios Mensais e Diários | J75: =J69 -> 526.63
A76: Total | J76: =SUM(J73+J74+J75) -> 1480.35
A78: Módulo 3 - Provisão para Rescisão
A79: 3 | B79: Provisão para Rescisão | J79: Valor (R$)
A80: A | B80: Aviso Prévio Indenizado Aviso-prévio indenizado Cálculo do valor = {Rem/12 + 13º/12=(Rem/12)/12 + Férias/12=(Rem/12)/12 + (1/3xFérias)/12=1/3x[(Rem/12)/12]} x (30/30=1) x 5% de rotatividade anual - Os reflexos de 13º, F e 1/3F são referentes a 1 mês de APInd - Na prorrogação, poderão ser considerados 3 dias conforme Lei nº 12.506/2011, dependendo da análise do nº de ocorrências deste evento no período | J80: =ROUND((($J$34/12)+($J$39/12)+($J$34/12/12)+($J$40/12))*(30/30)*0.05,2) -> 9.09
A81: B | B81: Incidência do FGTS sobre o Aviso Prévio Indenizado | J81: =ROUND($J$80*I54,2) -> 0.73
A82: C | B82: Multa do FGTS e contribuição social sobre o Aviso Prévio Indenizado Obrigatória a cotação de 0,24% sobre o valor do Módulo 1 – Composição da Remuneração, conforme Anexo XII da IN Seges nº 5/2017 (0,19% + 3,81% = 4,0%) - (Lei 13.932, de 11 de dezembro de 2019) | I82: 0.0019 | J82: =ROUND($J$34*I82,2) -> 3.46
A83: D | B83: Aviso Prévio Trabalhado (negociar extinção/redução na 1ª prorrogação) Cálculo do valor= [(Rem/30)x7]/12 meses do contrato. Consideramos que 10% do colaboradores são desligados nessa condição. | J83: =ROUND(((($J$34/30)*7)/$H$11)*0.1,2) -> 3.54
A84: E | B84: Incidência dos encargos do Submódulo 2.2 sobre o Aviso Prévio Trabalhado | J84: =ROUND($I$55*J83,2) -> 1.3
A85: F | B85: Multa do FGTS e contribuição social sobre o Aviso Prévio Trabalhado Obrigatória a cotação de 4,76% sobre o valor do Módulo 1 – Composição da Remuneração, conforme Anexo XII da IN Seges nº 5/2017 (3,81%+0,19% = 4,0%) - (Lei 13.932, de 11 de dezembro de 2019) | I85: 0.0381 | J85: =ROUND($J$34*I85,2) -> 69.43
A86: Total | J86: =SUM(J80:J85) -> 87.55
A88: Módulo 4 - Custo de Reposição do Profissional Ausente
A89: Base de cálculo para o Custo de Reposição do Profissional Ausente (substituto): BCCPA = Rem + 13º + Férias + 1/3Férias | J89: =J92+J34+J39+J40 -> 2194.72
A91: 4.1 | B91: Ausências Legais | J91: Valor (R$)
A92: A | B92: Férias | I92: 0.09075 | J92: =ROUND(($J$34*I92),2) -> 165.38
A93: B | B93: Ausências Legais Cálculo do valor = [(BCCPA/30)x2,96dias]/12 | J93: =ROUND((($J$89/30)*2.96)/12,2) -> 18.05
A94: C | B94: Licença-Paternidade Cálculo do valor = {[(BCCPA/30)x5dias]/12}x1,5% | J94: =ROUND((($J$89/30)*5)/12*0.015,2) -> 0.46
A95: D | B95: Ausência por acidente de trabalho Cálculo do valor = {[(BCCPA/30)x15dias]/12}x0,78% | J95: =ROUND(((($J$89/30)*15)/12)*0.0078,2) -> 0.71
A96: E | B96: Afastamento Maternidade Cálculo do valor = {[(Rem+1/3Rem)/12]x(4/12)}x2% | J96: =ROUND(((($J$34+$J$34/3)*4/12)/12)*0.02,2) -> 1.35
A97: F | B97: (Outros) Ausência por doença Cálculo do valor = [(BCCPA)/30)x5dias]/12 | J97: =ROUND(((($J$89/30)*5)/12),2) -> 30.48
A98: Total | J98: =SUM(J92:J97) -> 216.43
A99: G | B99: Incidência dos encargos do Submódulo 2.2 sobre o total do Submódulo 4.1 | J99: =ROUND(I55*J98,2) -> 79.65
A100: Total | J100: =SUM(J98:J99) -> 296.08
A101: Submódulo 4.2 – Intrajornada
A102: 4.2 | B102: Intrajornada | J102: Valor (R$)
A103: A | B103: Intervalo para repouso ou alimentação | J103: 0
A104: Total | J104: 0
A105: B | B105: Incidência dos encargos do Submódulo 2.2 sobre o total do Submódulo 4.2 | J105: =ROUND(I55*J104,2) -> 0
A106: Total | J106: =SUM(J104:J105) -> 0
A108: Quadro-Resumo do Módulo 4 – Custo de Reposição do Profissional Ausente
A109: 4 | B109: Custo de Reposição do Profissional Ausente | J109: Valor (R$)
A110: 4.1 | B110: Ausências Legais | J110: =J100 -> 296.08
A111: 4.2 | B111: Intrajornada | J111: =J106 -> 0
A112: Total | J112: =SUM(J110+J111) -> 296.08
...

Sheet Auxiliar de Manutenção
A1: AUXILIAR DE MANUTENÇÃO | H1: Regime de Tributação: Lucro Real
A2: PLANILHA DE CUSTOS E FORMAÇÃO DE PREÇOS - SUPORTE OPERACIONAL
A3: Nº do processo: | H3: 23165.000917.2022-41
A4: Licitação nº: | H4: 30/2022
A5: Dia:
A7: DISCRIMINAÇÃO DOS SERVIÇOS (DADOS REFERENTES À CONTRATAÇÃO)
A8: A | B8: Data de apresentação da proposta (dia/mês/ano)
A9: B | B9: Município/UF | H9: PASSO FUNDO/RS
A10: C | B10: Ano do Acordo, Convenção ou Dissídio Coletivo | H10: SINDASSEIO/PASSO FUNDO - CCT 2022-2022
A11: D | B11: Número de meses de execução contratual | H11: 12
A13: 1. MÓDULOS Mão de obra vinculada à execução contratual
A15: Dados para composição dos custos referente à mão de obra
A16: 1 | B16: Tipo de Serviço (mesmo serviço com características distintas) | I16: =A1 -> AUXILIAR DE MANUTENÇÃO
A17: 2 | B17: Classificação Brasileira de Ocupações (CBO) | I17: 5143-10
A18: 3 | B18: Salário Normativo da Categoria Profissional - para a jornada de 44 h/sem | I18: 1314.19
A19: 4 | B19: Categoria Profissional (vinculada à execução contratual) | I19: =I16 -> AUXILIAR DE MANUTENÇÃO
A20: 5 | B20: Data-Base da Categoria (dia/mês/ano) | I20: 44562
A21: 6 | B21: Salário Mínimo Nacional (para fins de base de cálculo da insalubridade ou para limíte mínimo de renda). | I21: 1212
A22: 7 | B22: Jornada Semanal (número de horas semanais) | I22: 44
A24: Módulo 1: Composição da Remuneração
A25: 1 | B25: Composição da Remuneração | I25: Percentual (%) | J25: Valor (R$)
A26: A | B26: Salário-Base (não inferior ao salário mínimo nacional) | J26: =IF((ROUND(I18/44*I22,2))>I21,(ROUND(I18/44*I22,2)),I21) -> 1314.19
A27: B | B27: Adicional de Periculosidade (base de cálculo: renda, cfe. CLT) | J27: =ROUND(I27*J26,2) -> 0
A28: C | B28: Adicional de Insalubridade (base de cálculo: sal. mín. nacional, cfe. CLT) | J28: =ROUND(I28*I21,2) -> 0
A29: C | B29: Adicional de Insalubridade (base de cálculo: renda, cfe. CCT) | I29: 0.2 | J29: =ROUND(I29*J26,2) -> 262.84
A30: D | B30: Adicional Noturno (cálculo: Nº de horas noturnas mês x (SB/220h)+20%) | J30: =ROUND(I18/220*0.2*I30,2) -> 0
A31: E | B31: Hora Noturna Adicional (cálculo: Nº de horas noturnas mês x [(60 min-52,5 min)/60 min] x [(SB/220h+20%)+50%] | J31: =ROUND((I18/220*1.2*1.5)*(I31*(60-52.5)/60),2) -> 0
A32: F | B32: DSR - Descanso Semanal Remunerado (cálculo: 20% sobre os adicionais pertinentes) | J32: =ROUND((J31+J30)*0.2,2) -> 0
A33: G | B33: Outros (especificar)
A34: Total | J34: =SUM(J26:J33) -> 1577.03
A36: Módulo 2 – Encargos e Benefícios Anuais, Mensais e Diários
A37: Submódulo 2.1 – 13º (décimo terceiro) Salário e Adicional de Férias
A38: 2.1 | B38: 13º (décimo terceiro) Salário e Adicional de Férias | J38: Valor (R$)
A39: A | B39: 13º (décimo terceiro) Salário Obrigatória a cotação de 8,33% sobre o valor do Módulo 1 – Composição da Remuneração, conforme Anexo XII da IN 5/17 | I39: 0.0833 | J39: =ROUND($J$34*I39,2) -> 131.37
A40: B | B40: Adicional de Férias Obrigatória a cotação de 3,025% sobre o valor do Módulo 1 – Composição da Remuneração, conforme Anexo XII da IN 5/17 (Férias + Adicional = 9,075% + 3,025% = 12,10%) | I40: 0.03025 | J40: =ROUND($J$34*I40,2) -> 47.71
A41: Total | J41: =SUM(J39+J40) -> 179.08
A42: C | B42: Incidência dos encargos do Submódulo 2.2 sobre o total do Submódulo 2.1 | J42: =ROUND(I55*J41,2) -> 65.9
A43: Total | J43: =J41+J42 -> 244.98
A45: Submódulo 2.2 - Encargos Previdenciários (GPS), Fundo de Garantia por Tempo de Serviço (FGTS) e outras contribuições
A46: 2.2 | B46: GPS, FGTS e outras contribuições | I46: Percentual (%) | J46: Valor (R$)
A47: A | B47: INSS | I47: 0.2 | J47: =ROUND($J$34*I47,2) -> 315.41
A48: B | B48: Salário Educação | I48: 0.025 | J48: =ROUND($J$34*I48,2) -> 39.43
A49: C | B49: RAT x FAP | E49: RAT = | F49: 0.03 | G49: FAP = | H49: 1 | I49: =F49*H49 -> 0.03 | J49: =ROUND($J$34*I49,2) -> 47.31
A50: D | B50: SESC ou SESI | I50: 0.015 | J50: =ROUND($J$34*I50,2) -> 23.66
A51: E | B51: SENAC ou SENAI | I51: 0.01 | J51: =ROUND($J$34*I51,2) -> 15.77
A52: F | B52: SEBRAE | I52: 0.006 | J52: =ROUND($J$34*I52,2) -> 9.46
A53: G | B53: INCRA | I53: 0.002 | J53: =ROUND($J$34*I53,2) -> 3.15
A54: H | B54: FGTS | I54: 0.08 | J54: =ROUND($J$34*I54,2) -> 126.16
A55: Total | I55: =SUM(I47:I54) -> 0.368 | J55: =SUM(J47:J54) -> 580.35
A57: Submódulo 2.3 – Benefícios Mensais e Diários
A58: 2.3 | B58: Benefícios Mensais e Diários | J58: Valor (R$)
A59: A | B59: Transporte Cálculo do valor: [( 2 x VT x 22 dias ) – ( 6% x SB )] | J59: =IF(ROUND((I62*I60*I61)-(J26*0.06),2)<0,0,ROUND((I62*I60*I61)-(J26*0.06),2))*1+(I60*I61*21.726-0.06*J26)*0 -> 163.15
B60: A.1) Valor da passagem do transporte coletivo no município de prestação dos serviços: Passo Fundo/RS | I60: 5.5
B61: A.2) Quantidade de passagens por dia por empregado: | I61: 2
B62: A.3) Quantidade de dias do mês de recebimento de passagens | I62: 22
A63: B | B63: Auxílio-Refeição/Alimentação Cálculo do valor: [(VA ou VR x 22 dias) x ( 1 - contrapartida)] | J63: =ROUND(I65*I64*(1-I66),2) -> 359.61
B64: B.1) Valor do auxílio-alimentação: | I64: 20.18
B65: B.2) Quantidade de dias do mês de recebimento de auxílio-alimentação | I65: 22
B66: B.3) Contrapartida do empregado | I66: 0.19
A67: C | B67: Seguro contra riscos de acidente de trabalho | J67: 2.5
A68: D | B68: Plano de Benefício Social Familiar | J68: 17.32
A69: Total | J69: =SUM(J59:J68) -> 542.58
A71: Quadro-Resumo do Módulo 2 – Encargos e Benefícios Anuais, Mensais e Diários
A72: 2 | B72: Encargos e Benefícios Anuais, Mensais e Diários | J72: Valor (R$)
A73: 2.1 | B73: 13º (décimo terceiro) Salário e Adicional de Férias | J73: =J43 -> 244.98
A74: 2.2 | B74: GPS, FGTS e outras contribuições | J74: =J55 -> 580.35
A75: 2.3 | B75: Benefícios Mensais e Diários | J75: =J69 -> 542.58
A76: Total | J76: =SUM(J73+J74+J75) -> 1367.91
A78: Módulo 3 - Provisão para Rescisão
A79: 3 | B79: Provisão para Rescisão | J79: Valor (R$)
A80: A | B80: Aviso Prévio Indenizado Aviso-prévio indenizado Cálculo do valor = {Rem/12 + 13º/12=(Rem/12)/12 + Férias/12=(Rem/12)/12 + (1/3xFérias)/12=1/3x[(Rem/12)/12]} x (30/30=1) x 5% de rotatividade anual - Os reflexos de 13º, F e 1/3F são referentes a 1 mês de APInd - Na prorrogação, poderão ser considerados 3 dias conforme Lei nº 12.506/2011, dependendo da análise do nº de ocorrências deste evento no período | J80: =ROUND((($J$34/12)+($J$39/12)+($J$34/12/12)+($J$40/12))*(30/30)*0.05,2) -> 7.86
A81: B | B81: Incidência do FGTS sobre o Aviso Prévio Indenizado | J81: =ROUND($J$80*I54,2) -> 0.63
A82: C | B82: Multa do FGTS e contribuição social sobre o Aviso Prévio Indenizado Obrigatória a cotação de 0,24% sobre o valor do Módulo 1 – Composição da Remuneração, conforme Anexo XII da IN Seges nº 5/2017 (0,19% + 3,81% = 4,0%) - (Lei 13.932, de 11 de dezembro de 2019) | I82: 0.0019 | J82: =ROUND($J$34*I82,2) -> 3
A83: D | B83: Aviso Prévio Trabalhado (negociar extinção/redução na 1ª prorrogação) Cálculo do valor= [(Rem/30)x7]/12 meses do contrato. Consideramos que 10% do colaboradores são desligados nessa condição. | J83: =ROUND(((($J$34/30)*7)/$H$11)*0.1,2) -> 3.07
A84: E | B84: Incidência dos encargos do Submódulo 2.2 sobre o Aviso Prévio Trabalhado | J84: =ROUND($I$55*J83,2) -> 1.13
A85: F | B85: Multa do FGTS e contribuição social sobre o Aviso Prévio Trabalhado Obrigatória a cotação de 4,76% sobre o valor do Módulo 1 – Composição da Remuneração, conforme Anexo XII da IN Seges nº 5/2017 (3,81%+0,19% = 4,0%) - (Lei 13.932, de 11 de dezembro de 2019) | I85: 0.0381 | J85: =ROUND($J$34*I85,2) -> 60.08
A86: Total | J86: =SUM(J80:J85) -> 75.77
A88: Módulo 4 - Custo de Reposição do Profissional Ausente
A89: Base de cálculo para o Custo de Reposição do Profissional Ausente (substituto): BCCPA = Rem + 13º + Férias + 1/3Férias | J89: =J92+J34+J39+J40 -> 1899.23
A91: 4.1 | B91: Ausências Legais | J91: Valor (R$)
A92: A | B92: Férias | I92: 0.09075 | J92: =ROUND(($J$34*I92),2) -> 143.12
A93: B | B93: Ausências Legais Cálculo do valor = [(BCCPA/30)x2,96dias]/12 | J93: =ROUND((($J$89/30)*2.96)/12,2) -> 15.62
A94: C | B94: Licença-Paternidade Cálculo do valor = {[(BCCPA/30)x5dias]/12}x1,5% | J94: =ROUND((($J$89/30)*5)/12*0.015,2) -> 0.4
A95: D | B95: Ausência por acidente de trabalho Cálculo do valor = {[(BCCPA/30)x15dias]/12}x0,78% | J95: =ROUND(((($J$89/30)*15)/12)*0.0078,2) -> 0.62
A96: E | B96: Afastamento Maternidade Cálculo do valor = {[(Rem+1/3Rem)/12]x(4/12)}x2% | J96: =ROUND(((($J$34+$J$34/3)*4/12)/12)*0.02,2) -> 1.17
A97: F | B97: (Outros) Ausência por doença Cálculo do valor = [(BCCPA)/30)x5dias]/12 | J97: =ROUND(((($J$89/30)*5)/12),2) -> 26.38
A98: Total | J98: =SUM(J92:J97) -> 187.31
A99: G | B99: Incidência dos encargos do Submódulo 2.2 sobre o total do Submódulo 4.1 | J99: =ROUND(I55*J98,2) -> 68.93
A100: Total | J100: =SUM(J98:J99) -> 256.24
A101: Submódulo 4.2 – Intrajornada
A102: 4.2 | B102: Intrajornada | J102: Valor (R$)
A103: A | B103: Intervalo para repouso ou alimentação | J103: 0
A104: Total | J104: 0
A105: B | B105: Incidência dos encargos do Submódulo 2.2 sobre o total do Submódulo 4.2 | J105: =ROUND(I55*J104,2) -> 0
A106: Total | J106: =SUM(J104:J105) -> 0
A108: Quadro-Resumo do Módulo 4 – Custo de Reposição do Profissional Ausente
A109: 4 | B109: Custo de Reposição do Profissional Ausente | J109: Valor (R$)
A110: 4.1 | B110: Ausências Legais | J110: =J100 -> 256.24
A111: 4.2 | B111: Intrajornada | J111: =J106 -> 0
A112: Total | J112: =SUM(J110+J111) -> 256.24
...

Sheet Jardineiro
A1: JARDINEIRO | H1: Regime de Tributação: Lucro Real
A2: PLANILHA DE CUSTOS E FORMAÇÃO DE PREÇOS - SUPORTE OPERACIONAL
A3: Nº do processo: | H3: 23165.000917.2022-41
A4: Licitação nº: | H4: 30/2022
A5: Dia:
A7: DISCRIMINAÇÃO DOS SERVIÇOS (DADOS REFERENTES À CONTRATAÇÃO)
A8: A | B8: Data de apresentação da proposta (dia/mês/ano)
A9: B | B9: Município/UF | H9: PASSO FUNDO/RS
A10: C | B10: Ano do Acordo, Convenção ou Dissídio Coletivo | H10: SINDASSEIO/PASSO FUNDO - CCT 2022-2022
A11: D | B11: Número de meses de execução contratual | H11: 12
A13: 1. MÓDULOS Mão de obra vinculada à execução contratual
A15: Dados para composição dos custos referente à mão de obra
A16: 1 | B16: Tipo de Serviço (mesmo serviço com características distintas) | I16: =A1 -> JARDINEIRO
A17: 2 | B17: Classificação Brasileira de Ocupações (CBO) | I17: 6220-10
A18: 3 | B18: Salário Normativo da Categoria Profissional - para a jornada de 44 h/sem | I18: 1314.09
A19: 4 | B19: Categoria Profissional (vinculada à execução contratual) | I19: =I16 -> JARDINEIRO
A20: 5 | B20: Data-Base da Categoria (dia/mês/ano) | I20: 44562
A21: 6 | B21: Salário Mínimo Nacional (para fins de base de cálculo da insalubridade ou para limíte mínimo de renda). | I21: 1212
A22: 7 | B22: Jornada Semanal (número de horas semanais) | I22: 44
A24: Módulo 1: Composição da Remuneração
A25: 1 | B25: Composição da Remuneração | I25: Percentual (%) | J25: Valor (R$)
A26: A | B26: Salário-Base (não inferior ao salário mínimo nacional) | J26: =IF((ROUND(I18/44*I22,2))>I21,(ROUND(I18/44*I22,2)),I21) -> 1314.09
A27: B | B27: Adicional de Periculosidade (base de cálculo: renda, cfe. CLT) | J27: =ROUND(I27*J26,2) -> 0
A28: C | B28: Adicional de Insalubridade (base de cálculo: sal. mín. nacional, cfe. CLT) | J28: =ROUND(I28*I21,2) -> 0
A29: C | B29: Adicional de Insalubridade (base de cálculo: renda, cfe. CCT) | I29: 0.2 | J29: =ROUND(I29*J26,2) -> 262.82
A30: D | B30: Adicional Noturno (cálculo: Nº de horas noturnas mês x (SB/220h)+20%) | J30: =ROUND(I18/220*0.2*I30,2) -> 0
A31: E | B31: Hora Noturna Adicional (cálculo: Nº de horas noturnas mês x [(60 min-52,5 min)/60 min] x [(SB/220h+20%)+50%] | J31: =ROUND((I18/220*1.2*1.5)*(I31*(60-52.5)/60),2) -> 0
A32: F | B32: DSR - Descanso Semanal Remunerado (cálculo: 20% sobre os adicionais pertinentes) | J32: =ROUND((J31+J30)*0.2,2) -> 0
A33: G | B33: Outros (especificar)
A34: Total | J34: =SUM(J26:J33) -> 1576.91
A36: Módulo 2 – Encargos e Benefícios Anuais, Mensais e Diários
A37: Submódulo 2.1 – 13º (décimo terceiro) Salário e Adicional de Férias
A38: 2.1 | B38: 13º (décimo terceiro) Salário e Adicional de Férias | J38: Valor (R$)
A39: A | B39: 13º (décimo terceiro) Salário Obrigatória a cotação de 8,33% sobre o valor do Módulo 1 – Composição da Remuneração, conforme Anexo XII da IN 5/17 | I39: 0.0833 | J39: =ROUND($J$34*I39,2) -> 131.36
A40: B | B40: Adicional de Férias Obrigatória a cotação de 3,025% sobre o valor do Módulo 1 – Composição da Remuneração, conforme Anexo XII da IN 5/17 (Férias + Adicional = 9,075% + 3,025% = 12,10%) | I40: 0.03025 | J40: =ROUND($J$34*I40,2) -> 47.7
A41: Total | J41: =SUM(J39+J40) -> 179.06
A42: C | B42: Incidência dos encargos do Submódulo 2.2 sobre o total do Submódulo 2.1 | J42: =ROUND(I55*J41,2) -> 65.89
A43: Total | J43: =J41+J42 -> 244.95
A45: Submódulo 2.2 - Encargos Previdenciários (GPS), Fundo de Garantia por Tempo de Serviço (FGTS) e outras contribuições
A46: 2.2 | B46: GPS, FGTS e outras contribuições | I46: Percentual (%) | J46: Valor (R$)
A47: A | B47: INSS | I47: 0.2 | J47: =ROUND($J$34*I47,2) -> 315.38
A48: B | B48: Salário Educação | I48: 0.025 | J48: =ROUND($J$34*I48,2) -> 39.42
A49: C | B49: RAT x FAP | E49: RAT = | F49: 0.03 | G49: FAP = | H49: 1 | I49: =F49*H49 -> 0.03 | J49: =ROUND($J$34*I49,2) -> 47.31
A50: D | B50: SESC ou SESI | I50: 0.015 | J50: =ROUND($J$34*I50,2) -> 23.65
A51: E | B51: SENAC ou SENAI | I51: 0.01 | J51: =ROUND($J$34*I51,2) -> 15.77
A52: F | B52: SEBRAE | I52: 0.006 | J52: =ROUND($J$34*I52,2) -> 9.46
A53: G | B53: INCRA | I53: 0.002 | J53: =ROUND($J$34*I53,2) -> 3.15
A54: H | B54: FGTS | I54: 0.08 | J54: =ROUND($J$34*I54,2) -> 126.15
A55: Total | I55: =SUM(I47:I54) -> 0.368 | J55: =SUM(J47:J54) -> 580.29
A57: Submódulo 2.3 – Benefícios Mensais e Diários
A58: 2.3 | B58: Benefícios Mensais e Diários | J58: Valor (R$)
A59: A | B59: Transporte Cálculo do valor: [( 2 x VT x 22 dias ) – ( 6% x SB )] | J59: =IF(ROUND((I62*I60*I61)-(J26*0.06),2)<0,0,ROUND((I62*I60*I61)-(J26*0.06),2))*1+(I60*I61*21.726-0.06*J26)*0 -> 163.15
B60: A.1) Valor da passagem do transporte coletivo no município de prestação dos serviços: Passo Fundo/RS | I60: 5.5
B61: A.2) Quantidade de passagens por dia por empregado: | I61: 2
B62: A.3) Quantidade de dias do mês de recebimento de passagens | I62: 22
A63: B | B63: Auxílio-Refeição/Alimentação Cálculo do valor: [(VA ou VR x 22 dias) x ( 1 - contrapartida)] | J63: =ROUND(I65*I64*(1-I66),2) -> 359.61
B64: B.1) Valor do auxílio-alimentação: | I64: 20.18
B65: B.2) Quantidade de dias do mês de recebimento de auxílio-alimentação | I65: 22
B66: B.3) Contrapartida do empregado | I66: 0.19
A67: C | B67: Seguro contra riscos de acidente de trabalho | J67: 2.5
A68: D | B68: Plano de Benefício Social Familiar | J68: 17.32
A69: Total | J69: =SUM(J59:J68) -> 542.58
A71: Quadro-Resumo do Módulo 2 – Encargos e Benefícios Anuais, Mensais e Diários
A72: 2 | B72: Encargos e Benefícios Anuais, Mensais e Diários | J72: Valor (R$)
A73: 2.1 | B73: 13º (décimo terceiro) Salário e Adicional de Férias | J73: =J43 -> 244.95
A74: 2.2 | B74: GPS, FGTS e outras contribuições | J74: =J55 -> 580.29
A75: 2.3 | B75: Benefícios Mensais e Diários | J75: =J69 -> 542.58
A76: Total | J76: =SUM(J73+J74+J75) -> 1367.82
A78: Módulo 3 - Provisão para Rescisão
A79: 3 | B79: Provisão para Rescisão | J79: Valor (R$)
A80: A | B80: Aviso Prévio Indenizado Aviso-prévio indenizado Cálculo do valor = {Rem/12 + 13º/12=(Rem/12)/12 + Férias/12=(Rem/12)/12 + (1/3xFérias)/12=1/3x[(Rem/12)/12]} x (30/30=1) x 5% de rotatividade anual - Os reflexos de 13º, F e 1/3F são referentes a 1 mês de APInd - Na prorrogação, poderão ser considerados 3 dias conforme Lei nº 12.506/2011, dependendo da análise do nº de ocorrências deste evento no período | J80: =ROUND((($J$34/12)+($J$39/12)+($J$34/12/12)+($J$40/12))*(30/30)*0.05,2) -> 7.86
A81: B | B81: Incidência do FGTS sobre o Aviso Prévio Indenizado | J81: =ROUND($J$80*I54,2) -> 0.63
A82: C | B82: Multa do FGTS e contribuição social sobre o Aviso Prévio Indenizado Obrigatória a cotação de 0,24% sobre o valor do Módulo 1 – Composição da Remuneração, conforme Anexo XII da IN Seges nº 5/2017 (0,19% + 3,81% = 4,0%) - (Lei 13.932, de 11 de dezembro de 2019) | I82: 0.0019 | J82: =ROUND($J$34*I82,2) -> 3
A83: D | B83: Aviso Prévio Trabalhado (negociar extinção/redução na 1ª prorrogação) Cálculo do valor= [(Rem/30)x7]/12 meses do contrato. Consideramos que 10% do colaboradores são desligados nessa condição. | J83: =ROUND(((($J$34/30)*7)/$H$11)*0.1,2) -> 3.07
A84: E | B84: Incidência dos encargos do Submódulo 2.2 sobre o Aviso Prévio Trabalhado | J84: =ROUND($I$55*J83,2) -> 1.13
A85: F | B85: Multa do FGTS e contribuição social sobre o Aviso Prévio Trabalhado Obrigatória a cotação de 4,76% sobre o valor do Módulo 1 – Composição da Remuneração, conforme Anexo XII da IN Seges nº 5/2017 (3,81%+0,19% = 4,0%) - (Lei 13.932, de 11 de dezembro de 2019) | I85: 0.0381 | J85: =ROUND($J$34*I85,2) -> 60.08
A86: Total | J86: =SUM(J80:J85) -> 75.77
A88: Módulo 4 - Custo de Reposição do Profissional Ausente
A89: Base de cálculo para o Custo de Reposição do Profissional Ausente (substituto): BCCPA = Rem + 13º + Férias + 1/3Férias | J89: =J92+J34+J39+J40 -> 1899.07
A91: 4.1 | B91: Ausências Legais | J91: Valor (R$)
A92: A | B92: Férias | I92: 0.09075 | J92: =ROUND(($J$34*I92),2) -> 143.1
A93: B | B93: Ausências Legais Cálculo do valor = [(BCCPA/30)x2,96dias]/12 | J93: =ROUND((($J$89/30)*2.96)/12,2) -> 15.61
A94: C | B94: Licença-Paternidade Cálculo do valor = {[(BCCPA/30)x5dias]/12}x1,5% | J94: =ROUND((($J$89/30)*5)/12*0.015,2) -> 0.4
A95: D | B95: Ausência por acidente de trabalho Cálculo do valor = {[(BCCPA/30)x15dias]/12}x0,78% | J95: =ROUND(((($J$89/30)*15)/12)*0.0078,2) -> 0.62
A96: E | B96: Afastamento Maternidade Cálculo do valor = {[(Rem+1/3Rem)/12]x(4/12)}x2% | J96: =ROUND(((($J$34+$J$34/3)*4/12)/12)*0.02,2) -> 1.17
A97: F | B97: (Outros) Ausência por doença Cálculo do valor = [(BCCPA)/30)x5dias]/12 | J97: =ROUND(((($J$89/30)*5)/12),2) -> 26.38
A98: Total | J98: =SUM(J92:J97) -> 187.28
A99: G | B99: Incidência dos encargos do Submódulo 2.2 sobre o total do Submódulo 4.1 | J99: =ROUND(I55*J98,2) -> 68.92
A100: Total | J100: =SUM(J98:J99) -> 256.2
A101: Submódulo 4.2 – Intrajornada
A102: 4.2 | B102: Intrajornada | J102: Valor (R$)
A103: A | B103: Intervalo para repouso ou alimentação | J103: 0
A104: Total | J104: 0
A105: B | B105: Incidência dos encargos do Submódulo 2.2 sobre o total do Submódulo 4.2 | J105: =ROUND(I55*J104,2) -> 0
A106: Total | J106: =SUM(J104:J105) -> 0
A108: Quadro-Resumo do Módulo 4 – Custo de Reposição do Profissional Ausente
A109: 4 | B109: Custo de Reposição do Profissional Ausente | J109: Valor (R$)
A110: 4.1 | B110: Ausências Legais | J110: =J100 -> 256.2
A111: 4.2 | B111: Intrajornada | J111: =J106 -> 0
A112: Total | J112: =SUM(J110+J111) -> 256.2
...

Sheet Porteiro Diurno
A1: PORTEIRO DIURNO | H1: Regime de Tributação: Lucro Real
A2: PLANILHA DE CUSTOS E FORMAÇÃO DE PREÇOS - SUPORTE OPERACIONAL
A3: Nº do processo: | H3: 23165.000917.2022-41
A4: Licitação nº: | H4: 30/2022
A5: Dia:
A7: DISCRIMINAÇÃO DOS SERVIÇOS (DADOS REFERENTES À CONTRATAÇÃO)
A8: A | B8: Data de apresentação da proposta (dia/mês/ano)
A9: B | B9: Município/UF | H9: PASSO FUNDO/RS
A10: C | B10: Ano do Acordo, Convenção ou Dissídio Coletivo | H10: SINDASSEIO/PASSO FUNDO - CCT 2022-2022
A11: D | B11: Número de meses de execução contratual | H11: 12
A13: 1. MÓDULOS Mão de obra vinculada à execução contratual
A15: Dados para composição dos custos referente à mão de obra
A16: 1 | B16: Tipo de Serviço (mesmo serviço com características distintas) | I16: =A1 -> PORTEIRO DIURNO
A17: 2 | B17: Classificação Brasileira de Ocupações (CBO) | I17: 5174-10
A18: 3 | B18: Salário Normativo da Categoria Profissional - para a jornada de 44 h/sem | I18: 1582.27
A19: 4 | B19: Categoria Profissional (vinculada à execução contratual) | I19: =I16 -> PORTEIRO DIURNO
A20: 5 | B20: Data-Base da Categoria (dia/mês/ano) | I20: 44562
A21: 6 | B21: Salário Mínimo Nacional (para fins de base de cálculo da insalubridade ou para limíte mínimo de renda). | I21: 1212
A22: 7 | B22: Jornada Semanal (número de horas semanais) | I22: 44
A24: Módulo 1: Composição da Remuneração
A25: 1 | B25: Composição da Remuneração | I25: Percentual (%) | J25: Valor (R$)
A26: A | B26: Salário-Base (não inferior ao salário mínimo nacional) | J26: =IF((ROUND(I18/44*I22,2))>I21,(ROUND(I18/44*I22,2)),I21) -> 1582.27
A27: B | B27: Adicional de Periculosidade (cálculo: renda, cfe. CLT) | J27: =ROUND(I27*J26,2) -> 0
A28: C | B28: Adicional de Insalubridade (cálculo: sal. mín. nacional, cfe. CLT) | J28: =ROUND(I28*I21,2) -> 0
A29: C | B29: Adicional de Insalubridade (cálculo: renda, cfe. CCT) | J29: =ROUND(I29*J26,2) -> 0
A30: D | B30: Adicional Noturno (cálculo: Nº de horas noturnas mês x (SB/220h)+20%) | J30: =ROUND(I18/220*0.2*I30,2) -> 0
A31: E | B31: Hora Noturna Adicional (cálculo: Nº de horas noturnas mês x [(60 min-52,5 min)/60 min] x [(SB/220h+20%)+50%] | J31: =ROUND((I18/220*1.2*1.5)*(I31*(60-52.5)/60),2) -> 0
A32: F | B32: DSR - Descanso Semanal Remunerado (cálculo: 20% sobre os adicionais pertinentes) | J32: =ROUND((J31+J30)*0.2,2) -> 0
A33: G | B33: Outros (especificar)
A34: Total | J34: =SUM(J26:J33) -> 1582.27
A36: Módulo 2 – Encargos e Benefícios Anuais, Mensais e Diários
A37: Submódulo 2.1 – 13º (décimo terceiro) Salário e Adicional de Férias
A38: 2.1 | B38: 13º (décimo terceiro) Salário e Adicional de Férias | J38: Valor (R$)
A39: A | B39: 13º (décimo terceiro) Salário Obrigatória a cotação de 8,33% sobre o valor do Módulo 1 – Composição da Remuneração, conforme Anexo XII da IN 5/17 | I39: 0.0833 | J39: =ROUND($J$34*I39,2) -> 131.8
A40: B | B40: Adicional de Férias Obrigatória a cotação de 3,025% sobre o valor do Módulo 1 – Composição da Remuneração, conforme Anexo XII da IN 5/17 (Férias + Adicional = 9,075% + 3,025% = 12,10%) | I40: 0.03025 | J40: =ROUND($J$34*I40,2) -> 47.86
A41: Total | J41: =SUM(J39+J40) -> 179.66
A42: C | B42: Incidência dos encargos do Submódulo 2.2 sobre o total do Submódulo 2.1 | J42: =ROUND(I55*J41,2) -> 66.11
A43: Total | J43: =J41+J42 -> 245.77
A45: Submódulo 2.2 - Encargos Previdenciários (GPS), Fundo de Garantia por Tempo de Serviço (FGTS) e outras contribuições
A46: 2.2 | B46: GPS, FGTS e outras contribuições | I46: Percentual (%) | J46: Valor (R$)
A47: A | B47: INSS | I47: 0.2 | J47: =ROUND($J$34*I47,2) -> 316.45
A48: B | B48: Salário Educação | I48: 0.025 | J48: =ROUND($J$34*I48,2) -> 39.56
A49: C | B49: RAT x FAP | E49: RAT = | F49: 0.03 | G49: FAP = | H49: 1 | I49: =F49*H49 -> 0.03 | J49: =ROUND($J$34*I49,2) -> 47.47
A50: D | B50: SESC ou SESI | I50: 0.015 | J50: =ROUND($J$34*I50,2) -> 23.73
A51: E | B51: SENAC ou SENAI | I51: 0.01 | J51: =ROUND($J$34*I51,2) -> 15.82
A52: F | B52: SEBRAE | I52: 0.006 | J52: =ROUND($J$34*I52,2) -> 9.49
A53: G | B53: INCRA | I53: 0.002 | J53: =ROUND($J$34*I53,2) -> 3.16
A54: H | B54: FGTS | I54: 0.08 | J54: =ROUND($J$34*I54,2) -> 126.58
A55: Total | I55: =SUM(I47:I54) -> 0.368 | J55: =SUM(J47:J54) -> 582.26
A57: Submódulo 2.3 – Benefícios Mensais e Diários
A58: 2.3 | B58: Benefícios Mensais e Diários | J58: Valor (R$)
A59: A | B59: Transporte Cálculo do valor: [( 2 x VT x 22 dias ) – ( 6% x SB )] | J59: =IF(ROUND((I62*I60*I61)-(J26*0.06),2)<0,0,ROUND((I62*I60*I61)-(J26*0.06),2))*1+(I60*I61*21.726-0.06*J26)*0 -> 147.06
B60: A.1) Valor da passagem do transporte coletivo no município de prestação dos serviços: Passo Fundo/RS | I60: 5.5
B61: A.2) Quantidade de passagens por dia por empregado: | I61: 2
B62: A.3) Quantidade de dias do mês de recebimento de passagens | I62: 22
A63: B | B63: Auxílio-Refeição/Alimentação Cálculo do valor: [(VA ou VR x 22 dias) x ( 1 - contrapartida)] | J63: =ROUND(I65*I64*(1-I66),2) -> 359.61
B64: B.1) Valor do auxílio-alimentação: | I64: 20.18
B65: B.2) Quantidade de dias do mês de recebimento de auxílio-alimentação | I65: 22
B66: B.3) Contrapartida do empregado | I66: 0.19
A67: C | B67: Seguro contra riscos de acidente de trabalho | J67: 2.5
A68: D | B68: Plano de Benefício Social Familiar | J68: 17.32
A69: Total | J69: =SUM(J59:J68) -> 526.49
A71: Quadro-Resumo do Módulo 2 – Encargos e Benefícios Anuais, Mensais e Diários
A72: 2 | B72: Encargos e Benefícios Anuais, Mensais e Diários | J72: Valor (R$)
A73: 2.1 | B73: 13º (décimo terceiro) Salário e Adicional de Férias | J73: =J43 -> 245.77
A74: 2.2 | B74: GPS, FGTS e outras contribuições | J74: =J55 -> 582.26
A75: 2.3 | B75: Benefícios Mensais e Diários | J75: =J69 -> 526.49
A76: Total | J76: =SUM(J73+J74+J75) -> 1354.52
A78: Módulo 3 - Provisão para Rescisão
A79: 3 | B79: Provisão para Rescisão | J79: Valor (R$)
A80: A | B80: Aviso Prévio Indenizado Aviso-prévio indenizado Cálculo do valor = {Rem/12 + 13º/12=(Rem/12)/12 + Férias/12=(Rem/12)/12 + (1/3xFérias)/12=1/3x[(Rem/12)/12]} x (30/30=1) x 5% de rotatividade anual - Os reflexos de 13º, F e 1/3F são referentes a 1 mês de APInd - Na prorrogação, poderão ser considerados 3 dias conforme Lei nº 12.506/2011, dependendo da análise do nº de ocorrências deste evento no período | J80: =ROUND((($J$34/12)+($J$39/12)+($J$34/12/12)+($J$40/12))*(30/30)*0.05,2) -> 7.89
A81: B | B81: Incidência do FGTS sobre o Aviso Prévio Indenizado | J81: =ROUND($J$80*I54,2) -> 0.63
A82: C | B82: Multa do FGTS e contribuição social sobre o Aviso Prévio Indenizado Obrigatória a cotação de 0,24% sobre o valor do Módulo 1 – Composição da Remuneração, conforme Anexo XII da IN Seges nº 5/2017 (0,19% + 3,81% = 4,0%) - (Lei 13.932, de 11 de dezembro de 2019) | I82: 0.0019 | J82: =ROUND($J$34*I82,2) -> 3.01
A83: D | B83: Aviso Prévio Trabalhado (negociar extinção/redução na 1ª prorrogação) Cálculo do valor= [(Rem/30)x7]/12 meses do contrato. Consideramos que 10% do colaboradores são desligados nessa condição. | J83: =ROUND(((($J$34/30)*7)/$H$11)*0.1,2) -> 3.08
A84: E | B84: Incidência dos encargos do Submódulo 2.2 sobre o Aviso Prévio Trabalhado | J84: =ROUND($I$55*J83,2) -> 1.13
A85: F | B85: Multa do FGTS e contribuição social sobre o Aviso Prévio Trabalhado Obrigatória a cotação de 4,76% sobre o valor do Módulo 1 – Composição da Remuneração, conforme Anexo XII da IN Seges nº 5/2017 (3,81%+0,19% = 4,0%) - (Lei 13.932, de 11 de dezembro de 2019) | I85: 0.0381 | J85: =ROUND($J$34*I85,2) -> 60.28
A86: Total | J86: =SUM(J80:J85) -> 76.02
A88: Módulo 4 - Custo de Reposição do Profissional Ausente
A89: Base de cálculo para o Custo de Reposição do Profissional Ausente (substituto): BCCPA = Rem + 13º + Férias + 1/3Férias | J89: =J92+J34+J39+J40 -> 1905.52
A91: 4.1 | B91: Ausências Legais | J91: Valor (R$)
A92: A | B92: Férias | I92: 0.09075 | J92: =ROUND(($J$34*I92),2) -> 143.59
A93: B | B93: Ausências Legais Cálculo do valor = [(BCCPA/30)x2,96dias]/12 | J93: =ROUND((($J$89/30)*2.96)/12,2) -> 15.67
A94: C | B94: Licença-Paternidade Cálculo do valor = {[(BCCPA/30)x5dias]/12}x1,5% | J94: =ROUND((($J$89/30)*5)/12*0.015,2) -> 0.4
A95: D | B95: Ausência por acidente de trabalho Cálculo do valor = {[(BCCPA/30)x15dias]/12}x0,78% | J95: =ROUND(((($J$89/30)*15)/12)*0.0078,2) -> 0.62
A96: E | B96: Afastamento Maternidade Cálculo do valor = {[(Rem+1/3Rem)/12]x(4/12)}x2% | J96: =ROUND(((($J$34+$J$34/3)*4/12)/12)*0.02,2) -> 1.17
A97: F | B97: (Outros) Ausência por doença Cálculo do valor = [(BCCPA)/30)x5dias]/12 | J97: =ROUND(((($J$89/30)*5)/12),2) -> 26.47
A98: Total | J98: =SUM(J92:J97) -> 187.92
A99: G | B99: Incidência dos encargos do Submódulo 2.2 sobre o total do Submódulo 4.1 | J99: =ROUND(I55*J98,2) -> 69.15
A100: Total | J100: =SUM(J98:J99) -> 257.07
A101: Submódulo 4.2 – Intrajornada
A102: 4.2 | B102: Intrajornada | J102: Valor (R$)
A103: A | B103: Intervalo para repouso ou alimentação | J103: 0
A104: Total | J104: 0
A105: B | B105: Incidência dos encargos do Submódulo 2.2 sobre o total do Submódulo 4.2 | J105: =ROUND(I55*J104,2) -> 0
A106: Total | J106: =SUM(J104:J105) -> 0
A108: Quadro-Resumo do Módulo 4 – Custo de Reposição do Profissional Ausente
A109: 4 | B109: Custo de Reposição do Profissional Ausente | J109: Valor (R$)
A110: 4.1 | B110: Ausências Legais | J110: =J100 -> 257.07
A111: 4.2 | B111: Intrajornada | J111: =J106 -> 0
A112: Total | J112: =SUM(J110+J111) -> 257.07
...

Sheet Porteiro Noturno
A1: PORTEIRO NOTURNO | H1: Regime de Tributação: Lucro Real
A2: PLANILHA DE CUSTOS E FORMAÇÃO DE PREÇOS - SUPORTE OPERACIONAL
A3: Nº do processo: | H3: 23165.000917.2022-41
A4: Licitação nº: | H4: 30/2022
A5: Dia:
A7: DISCRIMINAÇÃO DOS SERVIÇOS (DADOS REFERENTES À CONTRATAÇÃO)
A8: A | B8: Data de apresentação da proposta (dia/mês/ano)
A9: B | B9: Município/UF | H9: PASSO FUNDO/RS
A10: C | B10: Ano do Acordo, Convenção ou Dissídio Coletivo | H10: SINDASSEIO/PASSO FUNDO - CCT 2022-2022
A11: D | B11: Número de meses de execução contratual | H11: 12
A13: 1. MÓDULOS Mão de obra vinculada à execução contratual
A15: Dados para composição dos custos referente à mão de obra
A16: 1 | B16: Tipo de Serviço (mesmo serviço com características distintas) | I16: =A1 -> PORTEIRO NOTURNO
A17: 2 | B17: Classificação Brasileira de Ocupações (CBO) | I17: 5174-10
A18: 3 | B18: Salário Normativo da Categoria Profissional - para a jornada de 44 h/sem | I18: 1582.27
A19: 4 | B19: Categoria Profissional (vinculada à execução contratual) | I19: =I16 -> PORTEIRO NOTURNO
A20: 5 | B20: Data-Base da Categoria (dia/mês/ano) | I20: 44562
A21: 6 | B21: Salário Mínimo Nacional (para fins de base de cálculo da insalubridade ou para limíte mínimo de renda). | I21: 1212
A22: 7 | B22: Jornada Semanal (número de horas semanais) | I22: 44
A24: Módulo 1: Composição da Remuneração
A25: 1 | B25: Composição da Remuneração | I25: Percentual (%) | J25: Valor (R$)
A26: A | B26: Salário-Base (não inferior ao salário mínimo nacional) | J26: =IF((ROUND(I18/44*I22,2))>I21,(ROUND(I18/44*I22,2)),I21) -> 1582.27
A27: B | B27: Adicional de Periculosidade (cálculo: renda, cfe. CLT) | J27: =ROUND(I27*J26,2) -> 0
A28: C | B28: Adicional de Insalubridade (cálculo: sal. mín. nacional, cfe. CLT) | J28: =ROUND(I28*I21,2) -> 0
A29: C | B29: Adicional de Insalubridade (cálculo: renda, cfe. CCT) | J29: =ROUND(I29*J26,2) -> 0
A30: D | B30: Adicional Noturno (cálculo: Nº de horas noturnas mês x (SB/220h)+20%) | I30: 22 | J30: =ROUND(I18/220*0.2*I30,2) -> 31.65
A31: E | B31: Hora Noturna Adicional (cálculo: Nº de horas noturnas mês x [(60 min-52,5 min)/60 min] x [(SB/220h+20%)+50%] | I31: 22 | J31: =ROUND((I18/220*1.2*1.5)*(I31*(60-52.5)/60),2) -> 35.6
A32: F | B32: DSR - Descanso Semanal Remunerado (cálculo: 20% sobre os adicionais pertinentes) | J32: =ROUND((J31+J30)*0.2,2) -> 13.45
A33: G | B33: Outros (especificar)
A34: Total | J34: =SUM(J26:J33) -> 1662.97
A36: Módulo 2 – Encargos e Benefícios Anuais, Mensais e Diários
A37: Submódulo 2.1 – 13º (décimo terceiro) Salário e Adicional de Férias
A38: 2.1 | B38: 13º (décimo terceiro) Salário e Adicional de Férias | J38: Valor (R$)
A39: A | B39: 13º (décimo terceiro) Salário Obrigatória a cotação de 8,33% sobre o valor do Módulo 1 – Composição da Remuneração, conforme Anexo XII da IN 5/17 | I39: 0.0833 | J39: =ROUND($J$34*I39,2) -> 138.53
A40: B | B40: Adicional de Férias Obrigatória a cotação de 3,025% sobre o valor do Módulo 1 – Composição da Remuneração, conforme Anexo XII da IN 5/17 (Férias + Adicional = 9,075% + 3,025% = 12,10%) | I40: 0.03025 | J40: =ROUND($J$34*I40,2) -> 50.3
A41: Total | J41: =SUM(J39+J40) -> 188.83
A42: C | B42: Incidência dos encargos do Submódulo 2.2 sobre o total do Submódulo 2.1 | J42: =ROUND(I55*J41,2) -> 69.49
A43: Total | J43: =J41+J42 -> 258.32
A45: Submódulo 2.2 - Encargos Previdenciários (GPS), Fundo de Garantia por Tempo de Serviço (FGTS) e outras contribuições
A46: 2.2 | B46: GPS, FGTS e outras contribuições | I46: Percentual (%) | J46: Valor (R$)
A47: A | B47: INSS | I47: 0.2 | J47: =ROUND($J$34*I47,2) -> 332.59
A48: B | B48: Salário Educação | I48: 0.025 | J48: =ROUND($J$34*I48,2) -> 41.57
A49: C | B49: RAT x FAP | E49: RAT = | F49: 0.03 | G49: FAP = | H49: 1 | I49: =F49*H49 -> 0.03 | J49: =ROUND($J$34*I49,2) -> 49.89
A50: D | B50: SESC ou SESI | I50: 0.015 | J50: =ROUND($J$34*I50,2) -> 24.94
A51: E | B51: SENAC ou SENAI | I51: 0.01 | J51: =ROUND($J$34*I51,2) -> 16.63
A52: F | B52: SEBRAE | I52: 0.006 | J52: =ROUND($J$34*I52,2) -> 9.98
A53: G | B53: INCRA | I53: 0.002 | J53: =ROUND($J$34*I53,2) -> 3.33
A54: H | B54: FGTS | I54: 0.08 | J54: =ROUND($J$34*I54,2) -> 133.04
A55: Total | I55: =SUM(I47:I54) -> 0.368 | J55: =SUM(J47:J54) -> 611.97
A57: Submódulo 2.3 – Benefícios Mensais e Diários
A58: 2.3 | B58: Benefícios Mensais e Diários | J58: Valor (R$)
A59: A | B59: Transporte Cálculo do valor: [( 2 x VT x 22 dias ) – ( 6% x SB )] | J59: =IF(ROUND((I62*I60*I61)-(J26*0.06),2)<0,0,ROUND((I62*I60*I61)-(J26*0.06),2))*1+(I60*I61*21.726-0.06*J26)*0 -> 147.06
B60: A.1) Valor da passagem do transporte coletivo no município de prestação dos serviços: Passo Fundo/RS | I60: 5.5
B61: A.2) Quantidade de passagens por dia por empregado: | I61: 2
B62: A.3) Quantidade de dias do mês de recebimento de passagens | I62: 22
A63: B | B63: Auxílio-Refeição/Alimentação Cálculo do valor: [(VA ou VR x 22 dias) x ( 1 - contrapartida)] | J63: =ROUND(I65*I64*(1-I66),2) -> 359.61
B64: B.1) Valor do auxílio-alimentação: | I64: 20.18
B65: B.2) Quantidade de dias do mês de recebimento de auxílio-alimentação | I65: 22
B66: B.3) Contrapartida do empregado | I66: 0.19
A67: C | B67: Seguro contra riscos de acidente de trabalho | J67: 2.5
A68: D | B68: Plano de Benefício Social Familiar | J68: 17.32
A69: Total | J69: =SUM(J59:J68) -> 526.49
A71: Quadro-Resumo do Módulo 2 – Encargos e Benefícios Anuais, Mensais e Diários
A72: 2 | B72: Encargos e Benefícios Anuais, Mensais e Diários | J72: Valor (R$)
A73: 2.1 | B73: 13º (décimo terceiro) Salário e Adicional de Férias | J73: =J43 -> 258.32
A74: 2.2 | B74: GPS, FGTS e outras contribuições | J74: =J55 -> 611.97
A75: 2.3 | B75: Benefícios Mensais e Diários | J75: =J69 -> 526.49
A76: Total | J76: =SUM(J73+J74+J75) -> 1396.78
A78: Módulo 3 - Provisão para Rescisão
A79: 3 | B79: Provisão para Rescisão | J79: Valor (R$)
A80: A | B80: Aviso Prévio Indenizado Aviso-prévio indenizado Cálculo do valor = {Rem/12 + 13º/12=(Rem/12)/12 + Férias/12=(Rem/12)/12 + (1/3xFérias)/12=1/3x[(Rem/12)/12]} x (30/30=1) x 5% de rotatividade anual - Os reflexos de 13º, F e 1/3F são referentes a 1 mês de APInd - Na prorrogação, poderão ser considerados 3 dias conforme Lei nº 12.506/2011, dependendo da análise do nº de ocorrências deste evento no período | J80: =ROUND((($J$34/12)+($J$39/12)+($J$34/12/12)+($J$40/12))*(30/30)*0.05,2) -> 8.29
A81: B | B81: Incidência do FGTS sobre o Aviso Prévio Indenizado | J81: =ROUND($J$80*I54,2) -> 0.66
A82: C | B82: Multa do FGTS e contribuição social sobre o Aviso Prévio Indenizado Obrigatória a cotação de 0,24% sobre o valor do Módulo 1 – Composição da Remuneração, conforme Anexo XII da IN Seges nº 5/2017 (0,19% + 3,81% = 4,0%) - (Lei 13.932, de 11 de dezembro de 2019) | I82: 0.0019 | J82: =ROUND($J$34*I82,2) -> 3.16
A83: D | B83: Aviso Prévio Trabalhado (negociar extinção/redução na 1ª prorrogação) Cálculo do valor= [(Rem/30)x7]/12 meses do contrato. Consideramos que 10% do colaboradores são desligados nessa condição. | J83: =ROUND(((($J$34/30)*7)/$H$11)*0.1,2) -> 3.23
A84: E | B84: Incidência dos encargos do Submódulo 2.2 sobre o Aviso Prévio Trabalhado | J84: =ROUND($I$55*J83,2) -> 1.19
A85: F | B85: Multa do FGTS e contribuição social sobre o Aviso Prévio Trabalhado Obrigatória a cotação de 4,76% sobre o valor do Módulo 1 – Composição da Remuneração, conforme Anexo XII da IN Seges nº 5/2017 (3,81%+0,19% = 4,0%) - (Lei 13.932, de 11 de dezembro de 2019) | I85: 0.0381 | J85: =ROUND($J$34*I85,2) -> 63.36
A86: Total | J86: =SUM(J80:J85) -> 79.89
A88: Módulo 4 - Custo de Reposição do Profissional Ausente
A89: Base de cálculo para o Custo de Reposição do Profissional Ausente (substituto): BCCPA = Rem + 13º + Férias + 1/3Férias | J89: =J92+J34+J39+J40 -> 2002.71
A91: 4.1 | B91: Ausências Legais | J91: Valor (R$)
A92: A | B92: Férias | I92: 0.09075 | J92: =ROUND(($J$34*I92),2) -> 150.91
A93: B | B93: Ausências Legais Cálculo do valor = [(BCCPA/30)x2,96dias]/12 | J93: =ROUND((($J$89/30)*2.96)/12,2) -> 16.47
A94: C | B94: Licença-Paternidade Cálculo do valor = {[(BCCPA/30)x5dias]/12}x1,5% | J94: =ROUND((($J$89/30)*5)/12*0.015,2) -> 0.42
A95: D | B95: Ausência por acidente de trabalho Cálculo do valor = {[(BCCPA/30)x15dias]/12}x0,78% | J95: =ROUND(((($J$89/30)*15)/12)*0.0078,2) -> 0.65
A96: E | B96: Afastamento Maternidade Cálculo do valor = {[(Rem+1/3Rem)/12]x(4/12)}x2% | J96: =ROUND(((($J$34+$J$34/3)*4/12)/12)*0.02,2) -> 1.23
A97: F | B97: (Outros) Ausência por doença Cálculo do valor = [(BCCPA)/30)x5dias]/12 | J97: =ROUND(((($J$89/30)*5)/12),2) -> 27.82
A98: Total | J98: =SUM(J92:J97) -> 197.5
A99: G | B99: Incidência dos encargos do Submódulo 2.2 sobre o total do Submódulo 4.1 | J99: =ROUND(I55*J98,2) -> 72.68
A100: Total | J100: =SUM(J98:J99) -> 270.18
A101: Submódulo 4.2 – Intrajornada
A102: 4.2 | B102: Intrajornada | J102: Valor (R$)
A103: A | B103: Intervalo para repouso ou alimentação | J103: 0
A104: Total | J104: 0
A105: B | B105: Incidência dos encargos do Submódulo 2.2 sobre o total do Submódulo 4.2 | J105: =ROUND(I55*J104,2) -> 0
A106: Total | J106: =SUM(J104:J105) -> 0
A108: Quadro-Resumo do Módulo 4 – Custo de Reposição do Profissional Ausente
A109: 4 | B109: Custo de Reposição do Profissional Ausente | J109: Valor (R$)
A110: 4.1 | B110: Ausências Legais | J110: =J100 -> 270.18
A111: 4.2 | B111: Intrajornada | J111: =J106 -> 0
A112: Total | J112: =SUM(J110+J111) -> 270.18
...

Sheet RESUMO
A1: VALOR MENSAL DOS SERVIÇOS
A2: Item | B2: Tipo de serviço (A) | C2: Valor Proposto por Empregado (B) | D2: Qtde. de Empregados por Posto (C) | E2: Valor Proposto por Posto (D) = (B x C) | F2: Qtde. de Postos (E) | G2: Valor Total do Serviço (F) = (D x E)
A3: 1 | B3: Eletricista | C3: =Eletricista!J154 -> 6846.85 | D3: 1 | E3: =C3*D3 -> 6846.85 | F3: 1 | G3: =E3*F3 -> 6846.85
A4: 2 | B4: Pedreiro | C4: =Pedreiro!J154 -> 6429.96 | D4: 1 | E4: =C4*D4 -> 6429.96 | F4: 1 | G4: =E4*F4 -> 6429.96
A5: 3 | B5: Servente | C5: =Servente!J154 -> 4854.5 | D5: 1 | E5: =C5*D5 -> 4854.5 | F5: 1 | G5: =E5*F5 -> 4854.5
A6: 4 | B6: Auxiliar de Manutenção | C6: ='Auxiliar de Manutenção'!J154 -> 4337.2 | D6: 1 | E6: =C6*D6 -> 4337.2 | F6: 1 | G6: =E6*F6 -> 4337.2
A7: 5 | B7: Jardineiro | C7: =Jardineiro!J154 -> 4497.1 | D7: 1 | E7: =C7*D7 -> 4497.1 | F7: 1 | G7: =E7*F7 -> 4497.1
A8: 6 | B8: Porteiro Diurno | C8: ='Porteiro Diurno'!J154 -> 4210.31 | D8: 1 | E8: =C8*D8 -> 4210.31 | F8: 2 | G8: =E8*F8 -> 8420.62
A9: 7 | B9: Porteiro Noturno | C9: ='Porteiro Noturno'!J154 -> 4387.11 | D9: 1 | E9: =C9*D9 -> 4387.11 | F9: 2 | G9: =E9*F9 -> 8774.22
A10: Valor Mensal dos Serviços de mão de obra | G10: =SUM(G3:G9) -> 44160.45
A11: QUADRO DEMONSTRATIVO DO VALOR GLOBAL DA PROPOSTA
A12: A | B12: Valor mensal do serviço de mão de obra | G12: =G10 -> 44160.45
A13: B | B13: Número de meses do Contrato | G13: 12
A14: D | B14: Valor Global do Proposta (Valor mensal do serviço x nº de meses do contrato). | G14: =G12*G13 -> 529925.4

Sheet Eq.EPI-Jard
A1: Jardinagem/Equipamentos e Suprimentos | G1: Jardinagem/EPI
A2: Equi/Supr. | B2: Unidade | C2: Quantidade | D2: Valor Unitário | E2: Custo Anual | G2: Equi/Supr. | H2: Unidade | I2: Quantidade | J2: Valor Unitário | K2: Custo Anual
A3: Motoserra a gasolina, potência mínima de 3,1cv, sabre de 40cm, relação peso potência 2,0kg/kW, acionamento em alavanca única | B3: Unidade | C3: 1 | D3: 1474.73 | E3: =(D3*C3) -> 1474.73 | G3: Kit de proteção para operador de roçadeira (Boné com protetor facial; Balaclava; Perneira de segurança; Avental de rapa; Óculos; Par de luvas de raspa; Abafador de ruídos em concha; Par de Botas) | H3: Kit. | I3: 1 | J3: 162.62 | K3: =(J3*I3) -> 162.62
A4: Roçadeira lateral a gasolina, potência mínima 2,0Hp, uso profissional, lâmina de duas pontas e carretel de nylon, cinturão duplo padrão | B4: Unidade | C4: 1 | D4: 892.67 | E4: =(D4*C4) -> 892.67 | G4: Luvas de proteção de segurança pigmentada. | H4: Par | I4: 3 | J4: 3.7 | K4: =(J4*I4) -> 11.1
A5: Cortador de grama a gasolina, potência mínima 140cc, largura de corte 50cm, com coletor | B5: Unidade | C5: 1 | D5: 1779.97 | E5: =(D5*C5) -> 1779.97 | G5: Luvas de proteção latex | H5: Par | I5: 3 | J5: 3.49 | K5: =(J5*I5) -> 10.47
A6: Ponto biométrico homologado e registrado pelo Ministério do Trabalho e Emprego, bem como estar em atendimento à legislação vigente; | B6: Fração | C6: 1/9 | D6: 1820.63 | E6: =D6/9 -> 202.29222 | G6: Luvas de proteção de raspa | H6: Par. | I6: 1 | J6: 11.77 | K6: =(I6*J6) -> 11.77
A7: Custo Anual dos Equipamentos - Jardinagem | E7: =SUM(E3:E6) -> 4349.6622 | G7: Capacete de segurança NR-10 Classe B | H7: Unidade | I7: 1 | J7: 20.89 | K7: =(I7*J7) -> 20.89
A8: Custo Mensal dos Equipamentos - Jardinagem (depreciação 20%/ano) | E8: =(E7/60) -> 72.49437 | G8: Protetor auricular | H8: Unidade | I8: 4 | J8: 0.99 | K8: =(I8*J8) -> 3.96
A9: Gasolina comum | B9: Litros/ano | C9: 220 | D9: 7.16 | E9: =(C9*D9) -> 1575.2 | G9: Óculos de proteção | H9: Unidade | I9: 2 | J9: 5.55 | K9: =(I9*J9) -> 11.1
A10: Custo Anual dos Suprimentos - Jardinagem | E10: =E9 -> 1575.2 | G10: Máscara facial | H10: Unidade | I10: 1 | J10: 3.89 | K10: =(I10*J10) -> 3.89
A11: Custo Mensal dos Suprimentos - Jardinagem | E11: =E10/12 -> 131.26667 | G11: Protetor solar PFS mínimo 30 | H11: Unidade | I11: 4 | J11: 13.77 | K11: =(I11*J11) -> 55.08
A12: Valor por posto | E12: =E8+E11 -> 203.76104 | G12: Custo Anual dos EPIS - Jardinagem | K12: =SUM(K3:K6) -> 195.96
G13: Custo Mensal dos EPIs - Jardinagem | K13: =(K12/12) -> 16.33
G14: Valor por posto | K14: =K13 -> 16.33

Sheet Eq.EPI-MP
A1: Manutenção Predial/Eletricista-Pedreiro-Servente-Aux.Manutenção/Equipamentos | G1: Eletricista/EPI
A2: Equipamentos | B2: Unidade | C2: Quantidade | D2: Valor Unitário | E2: Custo Anual | G2: Equi/Supr. | H2: Unidade | I2: Quantidade | J2: Valor Unitário | K2: Custo Anual
A3: Escada de abrir, em fibra de vidro, não condutora de eletricidade, acesso duplo, 1,8m, de acordo com a NR18, carga 110kg em cada lado, sapatas de borracha | B3: Unidade | C3: 1 | D3: 642.61 | E3: =(D3*C3) -> 642.61 | G3: Kit de proteção para eletricista, compreendendo luva para baixa tensão, cinturão abdominal de segurança com talabarte e cinto para ferramentas.(equipamentos necessários para o atendimento da NR-10) | H3: Kit. | I3: 1 | J3: 514.6 | K3: =(J3*I3) -> 514.6
A4: Escada extensível, em fibra de vidro, não condutora de eletricidade, fechada 4,2m x aberta 7,2m, de acordo com a NR18, carga 110kg, catraca de segurança, sapatas de borracha | B4: Unidade | C4: 1 | D4: 1196.16 | E4: =(C4*D4) -> 1196.16 | G4: Luvas de proteção de segurança pigmentada. | H4: Par | I4: 3 | J4: 3.7 | K4: =(J4*I4) -> 11.1
A5: Ponto biométrico homologado e registrado pelo Ministério do Trabalho e Emprego, bem como estar em atendimento à legislação vigente; | B5: Fração | C5: 4/9 | D5: 1820.63 | E5: =D5/9*4 -> 809.16889 | G5: Luvas de proteção latex | H5: Par | I5: 3 | J5: 3.49 | K5: =(J5*I5) -> 10.47
A6: Custo anual dos Equipamentos - Manutenção Predial | E6: =SUM(E3:E5) -> 2647.9389 | G6: Luvas de proteção de raspa | H6: Par. | I6: 1 | J6: 11.77 | K6: =(I6*J6) -> 11.77
A7: Custo Mensal dos Equipamentos - Manutenção Predial (depreciação 20%/ano) | E7: =(E6/60) -> 44.132315 | G7: Capacete de segurança NR-10 Classe B | H7: Unidade | I7: 1 | J7: 20.89 | K7: =(I7*J7) -> 20.89
A8: Valor por posto | E8: =E7/4 -> 11.033079 | G8: Protetor auricular | H8: Unidade | I8: 4 | J8: 0.99 | K8: =(I8*J8) -> 3.96
G9: Óculos de proteção | H9: Unidade | I9: 2 | J9: 5.55 | K9: =(I9*J9) -> 11.1
G10: Máscara facial | H10: Unidade | I10: 1 | J10: 3.89 | K10: =(I10*J10) -> 3.89
G11: Protetor solar PFS mínimo 30 | H11: Unidade | I11: 4 | J11: 13.77 | K11: =(I11*J11) -> 55.08
G12: Custo Anual dos EPIS - Eletricista | K12: =SUM(K3:K11) -> 642.86
G13: Custo Mensal dos EPIs - Eletricista | K13: =(K12/12) -> 53.571667
G14: Valor por posto | K14: =K13 -> 53.571667
G16: Pedreiro-Servente-Aux.Manutenção/EPI
G17: Equi/Supr. | H17: Unidade | I17: Quantidade | J17: Valor Unitário | K17: Custo Anual
G18: Kit de proteção para trabalho em altura (equipamentos necessários para o atendimento da NR-35) | H18: Kit. | I18: 3 | J18: 890.6 | K18: =(J18*I18) -> 2671.8
G19: Luvas de proteção de segurança pigmentada. | H19: Par | I19: 9 | J19: 3.7 | K19: =(J19*I19) -> 33.3
G20: Luvas de proteção latex | H20: Par | I20: 9 | J20: 3.49 | K20: =(J20*I20) -> 31.41
G21: Luvas de proteção de raspa | H21: Par. | I21: 3 | J21: 11.77 | K21: =(I21*J21) -> 35.31
G22: Capacete de segurança NR-10 Classe B | H22: Unidade | I22: 3 | J22: 20.89 | K22: =(I22*J22) -> 62.67
G23: Protetor auricular | H23: Unidade | I23: 12 | J23: 0.99 | K23: =(I23*J23) -> 11.88
G24: Óculos de proteção | H24: Unidade | I24: 6 | J24: 5.55 | K24: =(I24*J24) -> 33.3
G25: Máscara facial | H25: Unidade | I25: 3 | J25: 3.89 | K25: =(I25*J25) -> 11.67
G26: Protetor solar PFS mínimo 30 | H26: Unidade | I26: 12 | J26: 13.77 | K26: =(I26*J26) -> 165.24
G27: Custo Anual dos EPIS - Pedreiro-Servente-Aux.Manutenção | K27: =SUM(K18:K26) -> 3056.58
G28: Custo Mensal dos EPIs - Pedreiro-Servente-Aux.Manutenção | K28: =(K27/12) -> 254.715
G29: Valor por posto | K29: =K28/3 -> 84.905

Sheet Eq.EPI-Port
A1: Portaria/Equipamentos | G1: Porteiro/EPI
A2: Equipamentos | B2: Unidade | C2: Quantidade | D2: Valor Unitário | E2: Custo Anual | G2: Equi/Supr. | H2: Unidade | I2: Quantidade | J2: Valor Unitário | K2: Custo Anual
A3: Ponto biométrico homologado e registrado pelo Ministério do Trabalho e Emprego, bem como estar em atendimento à legislação vigente; | B3: Fração | C3: 4/9 | D3: 1820.63 | E3: =D3/9*4 -> 809.16889 | G3: Protetor solar PFS mínimo 30 | H3: Unidade | I3: 8 | J3: 13.77 | K3: =(I3*J3) -> 110.16
A4: Custo anual dos Equipamentos - Portaria | E4: =SUM(E3:E3) -> 809.16889 | G4: Custo Anual dos EPIS - Porteiro | K4: =SUM(K3:K3) -> 110.16
A5: Custo Mensal dos Equipamentos - Portaria (depreciação 20%/ano) | E5: =(E4/60) -> 13.486148 | G5: Custo Mensal dos EPIs - Porteiro | K5: =(K4/12) -> 9.18
A6: Valor por posto | E6: =E5/4 -> 3.371537 | G6: Valor por posto | K6: =K5/4 -> 2.295

Sheet Uniformes
A1: Uniformes/Portaria | G1: Uniformes/Manutenção | M1: Uniformes/Jardinagem
A2: Peças/Vestuário | B2: Unidade | C2: Quantidade | D2: Valor Unitário | E2: Custo anual | G2: Peças/Vestuários | H2: Unidade | I2: Quantidade | J2: Valor Unitário | K2: Custo anual | M2: Peças/Vestuários | N2: Unidade | O2: Quantidade | P2: Valor Unitário | Q2: Custo anual
A3: Calças de jeans ou sarja; | B3: Unidade | C3: 2 | D3: 44.9 | E3: =(C3*D3) -> 89.8 | G3: Calças de jeans ou sarja; | H3: Unidade | I3: 2 | J3: 49.9 | K3: =(I3*J3) -> 99.8 | M3: Calças de jeans ou sarja; | N3: Unidade | O3: 2 | P3: 49.9 | Q3: =(O3*P3) -> 99.8
A4: Camisas de manga comprida; | B4: Unidade | C4: 2 | D4: 44.9 | E4: =(C4*D4) -> 89.8 | G4: Camisas de manga comprida; | H4: Unidade | I4: 2 | J4: 49.9 | K4: =(I4*J4) -> 99.8 | M4: Camisas de manga comprida; | N4: Unidade | O4: 2 | P4: 49.9 | Q4: =(O4*P4) -> 99.8
A5: Camisas de manga curta; | B5: Unidade | C5: 3 | D5: 29.9 | E5: =(C5*D5) -> 89.7 | G5: Camisas de manga curta; | H5: Unidade | I5: 3 | J5: 16.9 | K5: =(I5*J5) -> 50.7 | M5: Camisas de manga curta; | N5: Unidade | O5: 3 | P5: 16.9 | Q5: =(O5*P5) -> 50.7
A6: Blusão de malha para frio; | B6: Unidade | C6: 2 | D6: 86.73 | E6: =(C6*D6) -> 173.46 | G6: Blusão de malha para frio; | H6: Unidade | I6: 2 | J6: 86.73 | K6: =(I6*J6) -> 173.46 | M6: Blusão de malha para frio; | N6: Unidade | O6: 2 | P6: 83.73 | Q6: =(O6*P6) -> 167.46
A7: Jaqueta de frio impermeável; | B7: Unidade | C7: 1 | D7: 117.21 | E7: =(C7*D7) -> 117.21 | G7: Jaqueta de frio impermeável; | H7: Unidade | I7: 1 | J7: 117.21 | K7: =(I7*J7) -> 117.21 | M7: Jaqueta de frio impermeável; | N7: Unidade | O7: 1 | P7: 117.21 | Q7: =(O7*P7) -> 117.21
A8: Capa de chuva com capuz; | B8: Unidade | C8: 1 | D8: 19.9 | E8: =(C8*D8) -> 19.9 | G8: Capa de chuva com capuz; | H8: Unidade | I8: 1 | J8: 19.9 | K8: =(I8*J8) -> 19.9 | M8: Capa de chuva com capuz; | N8: Unidade | O8: 1 | P8: 19.9 | Q8: =(O8*P8) -> 19.9
A9: Pares de botinas; | B9: Par | C9: 2 | D9: 29.9 | E9: =(C9*D9) -> 59.8 | G9: Pares de botinas; | H9: Par | I9: 2 | J9: 29.9 | K9: =(I9*J9) -> 59.8 | M9: Pares de botinas; | N9: Par | O9: 2 | P9: 29.9 | Q9: =(O9*P9) -> 59.8
A10: Guarda-chuvas, com no mínimo 100cm de diâmetro; | B10: Unidade | C10: 1 | D10: 42.99 | E10: =(C10*D10) -> 42.99 | G10: Par de bota de borracha cano longo; | H10: Par | I10: 1 | J10: 29.36 | K10: =(I10*J10) -> 29.36 | M10: Par de bota de borracha cano longo; | N10: Par | O10: 1 | P10: 29.36 | Q10: =(O10*P10) -> 29.36
A11: Custo anual dos Uniformes/Portaria | E11: =SUM(E3:E10) -> 682.66 | G11: Jaleco; | H11: Unidade | I11: 1 | J11: 69.9 | K11: =(I11*J11) -> 69.9 | M11: Jaleco; | N11: Unidade | O11: 1 | P11: 69.9 | Q11: =(O11*P11) -> 69.9
A12: Custo mensal do Uniformes/Portaria | E12: =(E11/12) -> 56.888333 | G12: Chapéu ou boné; | H12: Unidade | I12: 1 | J12: 27.78 | K12: =(I12*J12) -> 27.78 | M12: Avental; | N12: Unidade | O12: 1 | P12: 10.1 | Q12: =(O12*P12) -> 10.1
G13: Custo anual dos Uniformes/Manutenção | K13: =SUM(K3:K11) -> 719.93 | M13: Chapéu ou boné; | N13: Unidade | O13: 1 | P13: 27.78 | Q13: =(O13*P13) -> 27.78
G14: Custo mensal dos Uniformes/Manutenção | K14: =(K13/12) -> 59.994167 | M14: Custo anual dos Uniformes/Jardinagem | Q14: =SUM(Q3:Q13) -> 751.81
M15: Custo mensal dos Uniformes/Jardinagem | Q15: =(Q14/12) -> 62.650833
